 Dungeon Crawl Stone Soup version 0.28-a0-991-g956f0ee3d5 (console) character file.

Game seed: 3504700019830382112

993335 hyperldf the Phalangite (level 27, -32/194 (231) HPs)
             Began as a Gnoll Arcane Marksman on Nov 20, 2021.
             Was the Champion of Hepliaklqana.
             Killed from afar by a shard shrike (44 damage)
             ... with a shard of ice
             ... on level 7 of Cocytus on Dec 5, 2021.
             The game lasted 15:36:57 (125101 turns).

hyperldf the Phalangite (Gnoll Arcane Marksman)   Turns: 125101, Time: 15:36:58

HP:   -32/194 (231) AC: 45    Str: 24    XL:     27
MP:   49/49         EV: 26    Int: 11    God:    Hepliaklqana [******]
Gold: 6633          SH: 32    Dex: 26    Spells: 4/70 levels left

rFire   + + +      SeeInvis +   a - +5 trishula (holy)
rCold   + + .      Faith    .   H - +1 tower shield {AC+3}
rNeg    + + +      Spirit   .   M - +6 storm dragon scales
rPois   +          Reflect  +   T - +2 hat "Pacrov" {rPois rN++ Str-3 Stlth+}
rElec   +          Harm     .   k - +2 cloak {Will+}
rCorr   +          Rampage  .   W - +2 pair of gloves
Will    ++++.                   E - +2 pair of boots "Etyisad" {Dex+3}
Stlth   ++++++++..              F - amulet "Piasesem" {Reflect rN+ rCorr Dex+2 Slay+5 SH+5}
HPRegen 0.42/turn               m - ring "Evoupherr" {rF+ rC+ Str+6 Dex-2 SInv}
MPRegen 0.31/turn               N - ring "Hiuwu" {rF+ rC+ Will+ rCorr Dex+2}

@: studying 4 skills, heavily drained, frozen potions
A: reduced essence, fangs 1, strong nose, distributed training, thin skeletal
structure 1, agile 2, dopey 1, fire resistance 1, robust 1, screaming 1,
electricity resistance
}: 11/15 runes: decaying, serpentine, slimy, silver, bone, abyssal, demonic,
glowing, magical, fiery, dark
a: Renounce Religion, Recall Ancestor, Ancestor Identity, Transference, Idealise


You were on level 7 of Cocytus.
You worshipped Hepliaklqana.
Hepliaklqana was exalted by your worship.
You visited 15 branches of the dungeon, and saw 73 of its levels.
You visited Pandemonium 4 times, and saw 19 of its levels.
You visited the Abyss 1 time.
You visited 1 ziggurat, and saw 11 of its levels.
You also visited: Trove, Ice Cave, Volcano and Desolation.

You collected 13205 gold pieces.
You spent 6572 gold pieces at shops.

Inventory:

Hand Weapons
 a - a +5 trishula of holy wrath (weapon)
 b - the +8 dagger of Eternal Vigilance {vorpal, rElec rN+}
   (You found it on level 6 of a ziggurat)

   It inflicts extra damage upon your enemies.
   rElec:     It insulates you from electricity.
   rN:        It protects you from negative energy.
Missiles
 c - 13 curare-tipped darts
 r - 5 throwing nets
 u - 12 silver javelins (quivered)
 w - 10 javelins
Armour
 k - a +2 cloak of willpower (worn)
 E - the +2 pair of boots "Etyisad" (worn) {Dex+3}
   (You bought it in a shop on level 3 of the Vaults)

   Dex:       It affects your dexterity (+3).
 H - a +1 tower shield of protection (worn)
 M - +6 storm dragon scales (worn)
 T - the +2 hat "Pacrov" (worn) {rPois rN++ Str-3 Stlth+}
   (You found it on level 1 of the Elven Halls)

   Str:       It affects your strength (-3).
   rPois:     It protects you from poison.
   rN:        It greatly protects you from negative energy.
   Stlth:     It makes you more stealthy.
 W - a +2 pair of gloves (worn)
Jewellery
 m - the ring "Evoupherr" (left hand) {rF+ rC+ Str+6 Dex-2 SInv}
   (You acquired it on level 3 of the Elven Halls)

   [ring of strength]

   Str:       It affects your strength (+6).
   Dex:       It affects your dexterity (-2).
   rF:        It protects you from fire.
   rC:        It protects you from cold.
   SInv:      It lets you see invisible.
 D - a +4 ring of protection
 F - the amulet "Piasesem" (around neck) {Reflect rN+ rCorr Dex+2 Slay+5 SH+5}
   (You took it off a deep elf pyromancer on level 3 of the Elven Halls)

   [amulet of reflection]

   It reflects blocked missile attacks.
   Dex:       It affects your dexterity (+2).
   Slay:      It affects your accuracy & damage with ranged weapons and melee
   (+5).
   rN:        It protects you from negative energy.
   rCorr:     It protects you from acid and corrosion.
   SH:        It affects your SH (+5).
 N - the ring "Hiuwu" (right hand) {rF+ rC+ Will+ rCorr Dex+2}
   (You found it on level 5 of the Pits of Slime)

   [ring of willpower]

   Dex:       It affects your dexterity (+2).
   rF:        It protects you from fire.
   rC:        It protects you from cold.
   rCorr:     It protects you from acid and corrosion.
   Will:      It increases your willpower.
Wands
 f - a wand of iceblast (78)
 s - a wand of polymorph (52)
 t - a wand of digging (6)
 A - a wand of paralysis (47)
 L - a wand of acid (82)
 O - a wand of mindburst (72)
 S - a wand of charming (21)
Scrolls
 e - 5 scrolls of magic mapping
 h - a scroll of silence {!r}
 i - 21 scrolls of teleportation {@r4}
 l - 8 scrolls of fog
 n - 3 scrolls of holy word
 o - 7 scrolls of identify {@r1}
 p - 13 scrolls of blinking
 x - 5 scrolls of fear
 y - 5 scrolls of summoning
 B - 7 scrolls of amnesia
Potions
 d - 14 potions of ambrosia
 g - 24 potions of curing {@q1}
 j - 13 potions of flight
 v - 6 potions of cancellation
 C - 2 potions of resistance
 G - 14 potions of brilliance
 J - 3 potions of heal wounds {@q2}
 K - 2 potions of might
 Q - 8 potions of magic
 U - 3 potions of invisibility
Miscellaneous
 q - the horn of Geryon
 z - a phantom mirror
 I - a phial of floods
 R - a condenser vane
 V - a lightning rod (4/4) {!a}
 X - a box of beasts


   Skills:
 + Level 22.1 Fighting
 + Level 22.0 Short Blades
 + Level 22.0 Long Blades
 + Level 22.0 Axes
 + Level 22.0 Maces & Flails
 + Level 26.5 Polearms
 + Level 22.0 Staves
 + Level 22.0 Slings
 + Level 23.3 Bows
 + Level 22.0 Crossbows
 + Level 22.4 Throwing
 + Level 26.5 Armour
 + Level 22.4 Dodging
 + Level 22.0 Stealth
 + Level 22.0 Shields
 + Level 22.0 Unarmed Combat
 + Level 22.1 Spellcasting
 + Level 22.8 Conjurations
 + Level 19.5 Hexes
 + Level 18.8 Summonings
 + Level 18.8 Necromancy
 + Level 18.8 Translocations
 + Level 18.8 Transmutations
 + Level 22.7 Fire Magic
 + Level 18.8 Ice Magic
 + Level 18.8 Air Magic
 + Level 18.8 Earth Magic
 + Level 18.8 Poison Magic
 + Level 23.7 Invocations
 + Level 22.0 Evocations


You had 4 spell levels left.
You knew the following spells:

 Your Spells              Type           Power      Damage    Failure   Level
a - Silence               Hex/Air        26%        N/A       1%          5
b - Freezing Cloud        Conj/Ice/Air   27%        6-21      1%          5
c - Haunt                 Necr/Summ      26%        N/A       4%          7
d - Passwall              Tmut/Erth      43%        N/A       0%          2
f - Call Canine Familiar  Summ           52%        N/A       0%          3
g - Ensorcelled Hibernat  Hex/Ice        100%       N/A       0%          2
k - Blink                 Tloc           100%       N/A       0%          2
s - Tukima's Dance        Hex            53%        N/A       0%          3
v - Iskenderun's Mystic   Conj/Tloc      55%        2d12      1%          4
w - Swiftness             Air            52%        N/A       0%          3
x - Dazzling Flash        Conj/Hex       100%       N/A       0%          3
z - Cause Fear            Hex            26%        N/A       1%          4
A - Apportation           Tloc           100%       N/A       0%          1
D - Dispel Undead         Necr           52%        3d19      1%          4
F - Malign Gateway        Summ/Tloc      26%        N/A       4%          7
G - Manifold Assault      Tloc           52%        N/A       1%          5
S - Simulacrum            Ice/Necr       26%        N/A       1%          6

Your spell library contained the following spells:

 Spells                   Type           Power      Damage    Failure   Level
 Animate Skeleton         Necr           100%       N/A       0%          1
 Foxfire                  Conj/Fire      100%       2x1d9     0%          1
 Freeze                   Ice            100%       1d11      0%          1
 Magic Dart               Conj           100%       1d8       0%          1
 Pain                     Necr           100%       1d9       0%          1
 Sandblast                Erth           100%       2d20      0%          1
 Shock                    Conj/Air       100%       1d9       0%          1
 Slow                     Hex            100%       N/A       0%          1
 Summon Small Mammal      Summ           100%       N/A       0%          1
 Corpse Rot               Necr/Air       100%       N/A       0%          2
 Poisonous Vapours        Pois/Air       100%       N/A       0%          2
 Scorch                   Fire           100%       2d10      0%          2
 Static Discharge         Conj/Air       55%        N/A       0%          2
 Sublimation of Blood     Necr           52%        N/A       0%          2
 Wereblood                Tmut           52%        N/A       0%          2
 Confusing Touch          Hex            53%        N/A       0%          3
 Conjure Flame            Conj/Fire      58%        6-21      0%          3
 Gell's Gravitas          Tloc           52%        N/A       0%          3
 Ignite Poison            Fire/Tmut/Pois 54%        N/A       0%          3
 Inner Flame              Hex/Fire       56%        N/A       0%          3
 Lesser Beckoning         Tloc           52%        N/A       0%          3
 Mephitic Cloud           Conj/Pois/Air  54%        N/A       0%          3
 Ozocubu's Armour         Ice            52%        N/A       0%          3
 Portal Projectile        Hex/Tloc       100%       N/A       0%          3
 Spider Form              Tmut/Pois      52%        N/A       0%          3
 Stone Arrow              Conj/Erth      100%       3d13      0%          3
 Summon Guardian Golem    Hex/Summ       53%        N/A       0%          3
 Teleport Other           Tloc           52%        N/A       0%          3
 Vampiric Draining        Necr           52%        2d9       0%          3
 Flame Wave               Conj/Fire      58%        2d9       0%          4
 Sticky Flame             Conj/Fire      58%        2d7       0%          4
 Airstrike                Air            26%        N/A       1%          4
 Animate Armour           Summ/Erth      100%       N/A       1%          4
 Animate Dead             Necr           26%        N/A       1%          4
 Leda's Liquefaction      Hex/Erth       26%        N/A       1%          4
 Passage of Golubria      Tloc           52%        N/A       1%          4
 Petrify                  Tmut/Erth      52%        N/A       1%          4
 Summon Ice Beast         Ice/Summ       52%        N/A       1%          4
 Agony                    Necr           52%        N/A       1%          5
 Alistair's Intoxication  Tmut/Pois      34%        N/A       1%          5
 Blade Hands              Tmut           26%        N/A       1%          5
 Borgnjor's Vile Clutch   Necr/Erth      26%        N/A       1%          5
 Excruciating Wounds      Necr           26%        N/A       1%          5
 Fireball                 Conj/Fire      29%        3d13      1%          5
 Irradiate                Conj/Tmut      27%        3d23      1%          5
 Iskenderun's Battlesphe  Conj           58%        2d11      1%          5
 Lightning Bolt           Conj/Air       27%        1d44      1%          5
 Metabolic Englaciation   Hex/Ice        26%        N/A       1%          5
 Summon Forest            Summ/Tloc      26%        N/A       1%          5
 Summon Mana Viper        Hex/Summ       53%        N/A       1%          5
 Yara's Violent Unravell  Hex/Tmut       26%        3d11      1%          5
 Death Channel            Necr           26%        N/A       1%          6
 Dispersal                Tloc           26%        N/A       1%          6
 Eringya's Noxious Bog    Tmut/Pois      26%        N/A       1%          6
 Iron Shot                Conj/Erth      27%        9d6       1%          6
 Starburst                Conj/Fire      29%        6d9       1%          6
 Statue Form              Tmut/Erth      34%        N/A       1%          6
 Summon Cactus Giant      Summ           26%        N/A       1%          6
 Spellforged Servitor     Conj/Summ      27%        N/A       2%          7
 Monstrous Menagerie      Summ           26%        N/A       4%          7
 Ozocubu's Refrigeration  Ice            26%        4d10      4%          7
 Storm Form               Tmut/Air       26%        N/A       4%          7
 Summon Hydra             Summ           26%        N/A       4%          7
 Ignition                 Fire           29%        3d9       8%          8
 Lehudib's Crystal Spear  Conj/Erth      27%        10d7      17%         8
 Borgnjor's Revivificati  Necr           26%        N/A       36%         8
 Disjunction              Tloc           26%        N/A       36%         8
 Infestation              Necr           26%        N/A       36%         8
 Necromutation            Tmut/Necr      26%        N/A       36%         8
 Summon Horrible Things   Summ           26%        N/A       36%         8
 Death's Door             Necr           26%        N/A       99%         9
 Dragon's Call            Summ           26%        N/A       99%         9
 Polar Vortex             Ice            26%        N/A       99%         9


Dungeon Overview and Level Annotations

Branches:
Dungeon (15/15)            Temple (0/1) D:6            Lair (6/6) D:10
  Swamp (4/4) Lair:2        Snake (4/4) Lair:4        Slime (5/5) Lair:6
    Orc (2/2) D:10            Elf (3/3) Orc:2        Vaults (5/5) D:13
  Crypt (3/3) Vaults:3       Tomb (0/3) Crypt:3      Depths (4/4) D:15
   Hell (visited)             Dis (5/7) Hell            Geh (0/7) Hell
    Coc (7/7) Hell            Tar (7/7) Hell            Zot (2/5) Depths:4
  IceCv (visited)         Volcano (visited)         Desolation (visited)

Altars:
Ashenzari
Dithmenos
Elyvilon
Gozag
Hepliaklqana
Kikubaaqudgha
Okawaru
Qazlal
Sif Muna
Trog
Uskayaw
Yredelemnul
Zin
Jiyva

Shops:
D:3 (   D:11 :   Orc:2 ![[(   Elf:1 !   Elf:3 ?   Vaults:2 (   Vaults:3 [
Vaults:4 [[   Vaults:5 :   Depths:1 (*   Depths:2 *   Depths:4 :

Portals:
Hell: Depths:1 Depths:2 Depths:3 Depths:4
Abyss: Depths:3
Pandemonium: Depths:2


Innate Abilities, Weirdness & Mutations

Your life essence is reduced to manifest your ancestor. (-10% HP)
You have very sharp teeth.
Your uncanny sense of smell can sniff out nearby items.
Your experience applies equally to all skills.
You have a somewhat thin skeletal structure. (Dex +2, Stealth+)
You are very agile. (Dex +4)
You are dopey. (Int -2)
Your flesh is heat resistant. (rF+)
You are robust. (+10% HP)
You occasionally shout uncontrollably at your foes.
You are resistant to electric shocks. (rElec)


Message History

The shard shrike is almost dead.
The shard shrike spits a shard of ice at you.
The shard of ice hits you!!! You partially resist.
* * * LOW HITPOINT WARNING * * *
You block the shard shrike's attack.
It's too cold; everything's frozen solid!
Okay, then.
Unknown command.
Throw: 12 javelins (silver)
Press: ? - help, Q - select action, (/) - cycle Shift-Dir - straight line, f - shard shrike
Aim: a shard shrike (moderately wounded, 67% to hit)
Okay, then.
As you read the scroll of fear, it crumbles to dust.
You assume a fearsome visage.
The shard shrike looks frightened! x2
The shard shrike spits a shard of ice at you.
The shard of ice reflects off an invisible shield around you!
The shard of ice hits the shard shrike!!!
The shard shrike partially resists.
You kill the shard shrike!
You see here a shard shrike corpse.
You enter the shallow water.
Moving in this stuff is going to be slow.
The shard shrike spits a shard of ice at you.
The shard of ice reflects off an invisible shield around you!
The shard of ice hits the shard shrike!
The shard shrike partially resists.
As you read the scroll of fear, it crumbles to dust.
You assume a fearsome visage.
The shard shrike looks frightened!
Okay, then.
Unknown command.
Okay, then.
Unknown command.
Okay, then.
Unknown command.
Aiming: Paralyse
Press: ? - help, Shift-Dir - straight line, f - shard shrike
Aim: a shard shrike (water, chance to affect: 38%)
The shard shrike easily resists.
The shard shrike spits a shard of ice at you.
The shard of ice hits you!!! You partially resist.
You die... ████████████████████████████████

█≈≈≈≈.†.≈≈≈≈...@................
██≈≈≈≈...≈≈≈≈≈≈≈≈................
█≈≈≈≈≈≈.≈≈≈≈≈≈≈≈≈≈≈..............
█≈≈≈≈.≈≈≈≈≈≈≈≈≈≈≈≈≈≈≈≈..........≈
█≈≈≈≈..≈≈≈≈≈b≈≈≈≈≈≈≈≈≈≈≈≈....≈≈≈≈
.≈≈≈..≈≈≈≈≈≈≈≈≈≈≈≈≈≈≈≈≈≈≈≈≈≈≈≈≈≈≈
.≈≈≈≈≈≈≈≈≈≈≈≈≈≈≈..≈≈≈≈≈≈≈≈≈≈≈≈≈≈≈
..≈≈≈≈≈≈≈≈≈≈≈≈≈.██.≈≈≈≈≈≈≈≈≈≈≈≈≈≈
█..≈≈≈≈≈≈≈≈≈≈≈≈.███.≈≈≈≈≈≈≈≈≈≈≈≈≈


You could see a shard shrike (catching breath).

Vanquished Creatures
  Cerebov (Pan)
  the Royal Jelly (Slime:5)
  Dissolution (Slime:4)
  Ereshkigal (Tar:7)
  A seraph (Pan)
  3 pandemonium lords
  2 dread liches
  An ancient lich (Tar:7)
  Mennas (Vaults:2)
  2 royal mummies (Zig:10)
  18 shard shrikes
  Geryon (Hell)
  Bai Suzhen (Snake:3)
  2 curse toes
  Xtahua (Depths:3)
  Saint Roka (Crypt:1)
  A caustic shrike (Depths:3)
  5 golden dragons
  Nikola (Vaults:2)
  2 pearl dragons (Pan)
  10 profane servitors
  11 bone dragons
  Jory (Depths:3)
  6 doom hounds
  2 Brimstone Fiends (Pan)
  Rupert (D:15)
  16 Tzitzimimeh
  7 liches
  11 tentacled monstrosities
  4 iron giants
  4 Ice Fiends
  A shard shrike skeleton (Crypt:3)
  7 Hell Sentinels
  4 deep elf blademasters
  A quicksilver dragon (Vaults:5)
  2 deep elf master archers (Elf:3)
  7 titans
  Mlioglotl (Snake:3)
  Asterion (Depths:1)
  17 tainted leviathans
  22 Executioners (Pan)
  A quicksilver dragon (shapeshifter) (Depths:1)
  The ghost of cvjcd the Imperceptible, an adept SpEn of Dithmenos (Elf:1)
  11 acid blobs
  4 tentacled starspawn (Abyss:3)
  6 ancient champions
  5 sphinxes
  3 death cobs
  Kirke (D:13)
  The ghost of fly the Stickfighter, an adept FoDe of Uskayaw (Swamp:3)
  Frances (Elf:1)
  5 draconian monks
  2 thorn hunters
  Agnes (D:14)
  5 tengu reavers
  5 storm dragons
  The ghost of Soborki the Warrior, a journeyman MiBe of Trog (Orc:2)
  5 revenants
  7 rockslimes
  A fenstrider witch (Swamp:3)
  7 azure jellies
  A shadow dragon (Zot:2)
  4 frost giants
  11 nagarajas
  A quicksilver elemental (Zig:11)
  3 demonspawn warmongers (Pan)
  4 iron dragons
  13 narguns
  3 draconian knights
  16 daevas (Pan)
  5 fire giants
  8 spectral caustic shrikes
  3 spectral juggernauts
  A draconian scorcher (Zot:1)
  2 ghost moths
  5 deep elf sorcerers
  10 cacodemons
  12 vault wardens
  17 balrugs
  A caustic shrike zombie (Hell)
  Louise (D:14)
  3 deep elf elementalists (Elf:3)
  6 shard shrike simulacra
  33 angels
  6 draconian stormcallers
  2 draconian shifters
  7 curse skulls
  4 demonspawn blood saints
  2 draconian annihilators
  31 very ugly things
  3 demonspawn corrupters (Pan)
  5 quicksilver oozes
  18 ironbound preservers
  17 stone giants
  Nessos (Lair:4)
  8 reapers
  17 elemental wellsprings
  4 lorocyprocas
  6 war gargoyles
  6 deep elf demonologists
  4 black draconians
  A green draconian (Depths:4)
  11 ophanim (Pan)
  19 putrid mouths
  2 entropy weavers
  5 deep elf annihilators
  29 apis (Pan)
  4 bennus (Zig:10)
  4 red draconians
  2 halazid warlocks (Desolation)
  13 wendigos
  A spectral titan (Crypt:3)
  10 eidola
  3 vampire knights
  3 white draconians
  3 bunyips (Zig:9)
  4 purple draconians
  Snorg (D:13)
  The ghost of Ysuobe the Severer, a journeyman DDFi of Okawaru (Snake:4)
  2 dire elephants (Vaults:4)
  12 spark wasps
  3 merfolk javelineers
  15 ettins
  A yellow draconian (Depths:4)
  2 crystal guardians (Desolation)
  An eleionoma (Swamp:4)
  4 iron golems
  3 spectral quicksilver dragons
  15 blizzard demons
  5 jiangshi
  9 fire dragons
  7 green deaths (Pan)
  A mummy priest (Crypt:3)
  A shambling mangrove (Zig:9)
  2 merfolk impalers
  10 ragged hierophants (Desolation)
  6 deep elf high priests
  6 deep elf death magi
  2 hell beasts
  15 yaktaur captains
  10 great orbs of eyes
  Fannar (Lair:1)
  A kraken zombie (Hell)
  11 ice dragons
  7 ironbound thunderhulks
  10 caustic shrike simulacra
  7 naga warriors (Snake:4)
  2 quicksilver dragon skeletons
  5 servants of whispers (Desolation)
  10 peacekeepers
  7 rakshasas
  A ghost crab (Swamp:3)
  26 vault guards
  5 boulder beetles
  5 juggernaut simulacra
  4 salamander tyrants
  33 hydras
  7 alligators
  4 ironbound frosthearts
  6 spriggan air magi
  4 anacondas
  4 ogre magi
  A stoker (Hell)
  3 satyrs (Abyss:3)
  9 centaur warriors
  7 two-headed ogres
  3 spectral stone giants
  5 death knights
  18 death yaks
  A deep troll shaman (Depths:1)
  28 dancing weapons
  6 deep troll earth magi
  3 hell hogs (Hell)
  5 naga sharpshooters
  8 vampire magi
  15 spriggan berserkers
  6 tengu warriors
  2 thrashing horrors (Abyss:3)
  A spectral storm dragon (Crypt:3)
  19 deep elf knights
  51 sun demons
  A titan zombie (Zig:10)
  5 shock serpents
  4 spectral spriggans
  A spectral dire elephant (Crypt:3)
  A spectral emperor scorpion (Crypt:3)
  27 soul eaters
  3 crystal echidnas
  6 iron trolls
  11 hell knights
  20 skeletal warriors
  26 shadow wraiths
  A wretched star (Abyss:3)
  15 sixfirhies
  3 spriggan druids
  3 salamander mystics (Snake:4)
  An anaconda zombie (Crypt:1)
  17 cherubim (Pan)
  5 goliath frogs
  A death drake (Zig:9)
  10 flayed ghosts
  8 glowing orange brains
  14 phantasmal warriors
  6 naga ritualists
  4 quicksilver dragon simulacra
  7 shadow demons
  7 swamp dragons
  8 lindwurms
  2 spectral iron dragons
  A spectral hydra (Crypt:3)
  An anaconda skeleton (Hell)
  54 deep trolls
  4 bog bodies
  21 ironbound convokers
  16 wizards
  4 orc sorcerers
  30 deep elf zephyrmancers
  9 deep elf archers
  7 orc knights
  2 wolf spiders (shapeshifter) (Vaults:5)
  A will-o-the-wisp (Swamp:1)
  12 necromancers
  5 shining eyes
  59 ugly things
  33 deep elf pyromancers
  2 stone giant zombies
  An iron dragon zombie (Hell)
  8 mana vipers
  A fire giant zombie (Zig:10)
  5 moths of wrath
  2 wolf spiders
  20 salamanders
  4 manticores (D:15)
  An iron dragon skeleton (Pan)
  9 elephants
  6 cyclopes
  4 stone giant skeletons
  2 eyes of devastation
  An apocalypse crab (Abyss:3)
  3 ice statues (IceCv)
  10 cane toads
  An elf zombie (Vaults:2)
  32 black mambas
  7 guardian serpents
  3 titan simulacra
  33 smoke demons (Pan)
  A spriggan zombie (Hell)
  7 vault sentinels
  5 torpor snails (Lair:6)
  A dire elephant zombie (Hell)
  4 rust devils
  2 gargoyles
  11 naga magi
  2 molten gargoyles (Desolation)
  A dire elephant skeleton (Pan)
  A spriggan skeleton (Pan)
  8 unseen horrors
  A kobold demonologist (Elf:1)
  12 hellions
  17 orange demons
  A catoblepas zombie (Hell)
  6 komodo dragons
  A rime drake (Lair:6)
  39 yaktaurs
  A green draconian skeleton (Crypt:1)
  4 demonic crawlers
  An unseen horror (shapeshifter) (D:15)
  4 tengu conjurers
  3 efreet
  34 freezing wraiths
  A sea snake zombie (Hell)
  A yaktaur skeleton (Vaults:2)
  A golden dragon simulacrum (Coc:6)
  2 minotaur skeletons
  4 anaconda simulacra
  2 redback zombies
  11 guardian mummies
  3 spectral nagas
  11 tormentors
  An ancient zyme (Abyss:3)
  A silent spectre (Abyss:3)
  An ice devil (Pan)
  A grey draconian skeleton (Crypt:1)
  26 hellwings
  A sea snake skeleton (Crypt:1)
  5 trolls
  5 meliai
  3 hydra zombies (Hell)
  2 polar bears
  3 red devils
  A bloated husk (Zig:9)
  2 hornets (shapeshifter)
  Grinder (D:3)
  3 jumping spiders
  7 tyrant leeches
  3 spectral harpies
  2 wind drakes (shapeshifter)
  A wolf spider simulacrum (D:15)
  A queen bee (Lair:2)
  17 hornets
  2 shadow dragon simulacra
  A slime creature (shapeshifter) (Vaults:5)
  A tyrant leech (shapeshifter) (Vaults:4)
  10 wind drakes (Pan)
  A dream sheep (shapeshifter) (Elf:1)
  48 saltlings (Desolation)
  2 harpy skeletons
  89 slime creatures
  2 hydra skeletons (Hell)
  7 blink frogs
  A jumping spider zombie (Crypt:3)
  12 dream sheep
  An alligator skeleton (Crypt:2)
  An iron dragon simulacrum (Depths:2)
  An ettin zombie (Hell)
  2 stone giant simulacra
  4 air elementals
  2 redbacks
  2 ushabtiu (Zig:10)
  24 large abominations
  2 naga simulacra
  3 spriggan simulacra
  20 ynoxinuls
  13 spriggans
  7 water elementals
  4 wyverns
  A tarantella (Vaults:1)
  8 wraiths
  39 yaks
  A vampire (D:10)
  4 dire elephant simulacra
  A golden eye (Slime:2)
  2 hogs (D:13)
  3 basilisks
  2 fire elementals (Elf:2)
  A yak (shapeshifter) (D:15)
  3 vampire mosquitoes
  A death yak simulacrum (IceCv)
  10 chaos spawn
  16 neqoxecs
  12 harpy simulacra
  11 water moccasins
  3 wargs
  11 swamp worms
  19 nagas
  3 hell hounds
  2 hydra simulacra
  3 floating eyes
  A dream sheep zombie (Crypt:2)
  2 ice beasts (D:6)
  24 orc warriors
  8 swamp drakes (Swamp:4)
  2 black bears
  8 ogres
  4 starcursed masses (Abyss:3)
  An ettin simulacrum (Coc:2)
  13 centaurs
  An ogre (shapeshifter) (Elf:1)
  4 wolves
  A boggart (Elf:1)
  3 phantoms (D:10)
  A blink frog skeleton (Crypt:1)
  A human skeleton (Vaults:2)
  A salamander zombie (Crypt:1)
  A kobold brigand (D:9)
  6 bullfrogs
  A draconian skeleton (Crypt:2)
  2 cane toad simulacra (IceCv)
  7 earth elementals
  A water moccasin zombie (Crypt:1)
  A water moccasin skeleton (D:5)
  33 killer bees
  A queen bee zombie (Crypt:3)
  2 wights (D:9)
  An elephant simulacrum (IceCv)
  8 electric eels
  A howler monkey (shapeshifter) (Elf:1)
  2 wolf zombies
  2 howler monkeys (D:5)
  2 bullfrog zombies
  2 centaur zombies
  A crimson imp (D:10)
  A bullfrog skeleton (D:6)
  A jelly (D:6)
  6 centaur skeletons
  9 orc priests
  A gnoll shaman (D:9)
  Ijyb (D:2)
  An iguana (D:4)
  11 orc wizards
  6 hell rats (Hell)
  A polar bear simulacrum (IceCv)
  An acid dragon zombie (Crypt:3)
  4 ogre zombies (D:10)
  10 mummies (Zig:10)
  13 gnolls
  3 adders
  An iguana zombie (Crypt:2)
  An adder skeleton (D:4)
  A halfling skeleton (Crypt:3)
  2 worms (D:2)
  6 hexers
  53 orcs
  4 ball pythons
  9 bats
  13 endoplasms
  3 giant cockroaches
  4 goblins (D:2)
  6 hobgoblins
  2 jackals (D:4)
  10 kobolds
  3 quokkas (D:2)
  A frilled lizard (shapeshifter) (Elf:1)
  3 goblin skeletons (D:10)
  A goblin zombie (D:10)
  A hobgoblin skeleton (D:10)
  4 hobgoblin zombies (D:10)
  A kobold (shapeshifter) (Elf:1)
  A kobold skeleton (Crypt:3)
  2 orc skeletons (D:10)
  7 orc zombies (D:10)
  A quokka zombie (Crypt:1)
  2 rats
  5 fire vortices (Hell)
  A lurking horror (Abyss:3)
  A starspawn tentacle (Abyss:3)
2865 creatures vanquished.

Vanquished Creatures (collateral kills)
  Gloorx Vloq (Pan)
  Mnoleg (Pan)
  A dread lich (Vaults:5)
  An orb of fire (Zot:2)
  2 juggernauts
  A shard shrike (Hell)
  A golden dragon (Vaults:5)
  A profane servitor (Tar:7)
  2 bone dragons
  An iron giant (Zig:11)
  2 Tzitzimimeh (Tar:7)
  4 tentacled monstrosities
  A lich (Depths:2)
  2 tainted leviathans (Tar:7)
  A titan (Pan)
  4 acid blobs
  A tentacled starspawn (Abyss:3)
  A storm dragon (Vaults:5)
  A sphinx (Vaults:3)
  A shadow dragon (Depths:2)
  4 nagarajas (Snake:4)
  2 fenstrider witches
  A tengu reaver (Vaults:5)
  3 azure jellies
  A revenant (Crypt:1)
  2 demonspawn warmongers (Pan)
  2 quicksilver elementals
  3 narguns
  A balrug (Depths:2)
  2 vault wardens (Vaults:5)
  A deep elf sorcerer (Vaults:5)
  6 daevas (Pan)
  A draconian shifter (Zot:1)
  3 cacodemons (Pan)
  5 angels (Pan)
  3 frost giants
  2 reapers (Hell)
  A spectral caustic shrike (Depths:1)
  An ironbound preserver (Vaults:5)
  A curse skull (Hell)
  A ghoul (Crypt:3)
  3 stone giants (Vaults:5)
  A demonspawn blood saint (Pan)
  10 apis (Pan)
  A quicksilver ooze (Slime:3)
  5 ophanim (Pan)
  8 very ugly things
  A black draconian (Zot:2)
  3 lorocyprocas
  A white draconian (Zig:6)
  3 elemental wellsprings (Coc:5)
  A deep elf annihilator (Vaults:4)
  A red draconian (Volcano)
  A spark wasp (Depths:1)
  2 dire elephants (Vaults:4)
  2 wendigos
  A yellow draconian (Depths:4)
  A merfolk javelineer (Depths:1)
  A bunyip (Swamp:4)
  An eidolon (Crypt:3)
  A deep elf death mage (Crypt:3)
  An eleionoma (Swamp:4)
  5 blizzard demons (Pan)
  An ettin (Vaults:5)
  A ragged hierophant (Desolation)
  A spectral quicksilver dragon (Crypt:3)
  A green death (Pan)
  2 great orbs of eyes
  A naga warrior (Snake:3)
  A yaktaur captain (Vaults:1)
  3 vault guards
  A deep elf high priest (Vaults:3)
  3 fire dragons
  A rakshasa (Pan)
  A boulder beetle (D:13)
  A catoblepas (Lair:2)
  2 ironbound frosthearts
  A spriggan air mage (Depths:3)
  3 peacekeepers
  4 hydras
  A two-headed ogre (D:8)
  4 dancing weapons (Elf:2)
  2 alligators
  A death knight (Crypt:3)
  2 anacondas
  4 centaur warriors
  A satyr (Abyss:3)
  4 deep troll earth magi
  2 deep troll shamans
  6 death yaks
  2 thrashing horrors
  A spriggan berserker (Depths:3)
  A hell knight (Hell)
  3 sun demons (Pan)
  2 sixfirhies (Pan)
  5 soul eaters (Pan)
  2 salamander mystics
  2 cherubim (Pan)
  3 shadow wraiths (Tar:7)
  A crystal echidna (Zig:11)
  2 skeletal warriors (Crypt:2)
  5 deep trolls
  An ironbound convoker (Desolation)
  4 wizards
  2 flayed ghosts
  A glowing orange brain (Depths:4)
  A spriggan druid (Swamp:2)
  3 phantasmal warriors
  A swamp dragon (Swamp:4)
  A large abomination (Pan)
  5 deep elf zephyrmancers
  A lindwurm (Lair:6)
  A deep elf pyromancer (Elf:1)
  An orc knight (Orc:2)
  8 ugly things
  A mana viper (Snake:3)
  A wolf spider (Lair:6)
  A wolf spider (shapeshifter) (Vaults:4)
  A salamander (Snake:2)
  A will-o-the-wisp (Swamp:4)
  2 manticores
  3 cyclopes
  A shining eye (shapeshifter) (Elf:1)
  A worldbinder (Abyss:3)
  2 shining eyes (Trove)
  4 elephants
  2 moths of wrath (Zot:2)
  5 black mambas
  A smoke demon (Pan)
  A titan simulacrum (Hell)
  2 guardian serpents
  A vault sentinel (Vaults:1)
  A centaur skeleton (D:13)
  A torpor snail (Lair:6)
  An unseen horror (Tar:7)
  2 cane toads
  A freezing wraith (D:12)
  A hellion (Tar:3)
  A komodo dragon (Lair:1)
  3 yaktaurs
  A hellwing (Depths:2)
  2 demonic crawlers (Pan)
  2 rime drakes
  A tormentor (Zig:3)
  5 tengu conjurers
  4 wind drakes (Pan)
  6 hornets
  A meliai (D:14)
  A wind drake (shapeshifter) (Elf:1)
  18 saltlings (Desolation)
  A tyrant leech (Lair:6)
  3 blink frogs
  2 hydra skeletons (Hell)
  5 slime creatures
  A dream sheep (Lair:4)
  3 redbacks
  An air elemental (Zig:7)
  A spriggan (shapeshifter) (D:15)
  A spriggan (Swamp:4)
  A centaur simulacrum (Coc:2)
  A starcursed mass (Abyss:3)
  A ynoxinul (Pan)
  3 wyverns
  A water elemental (Hell)
  10 yaks
  A fire elemental (Elf:2)
  4 neqoxecs (Pan)
  A chaos spawn (Depths:2)
  A swamp worm (Swamp:2)
  5 nagas
  3 water moccasins
  A swamp drake (Swamp:4)
  8 orc warriors
  An ice beast (D:7)
  A sky beast (D:7)
  A swamp dragon zombie (Hell)
  A hornet zombie (D:7)
  A centaur (shapeshifter) (Elf:1)
  2 lemures
  2 centaurs
  A wolf (Lair:2)
  A phantom (D:4)
  A bullfrog (Lair:2)
  A scorpion (D:6)
  A water moccasin skeleton (D:5)
  4 killer bees
  3 wights (D:9)
  A hound (D:4)
  An orc priest (D:14)
  A gnoll shaman (D:5)
  An iguana (D:5)
  10 orc wizards
  A killer bee zombie (D:8)
  2 ogre zombies (D:10)
  3 adders
  8 gnolls
  A shadow imp (Tar:7)
  2 white imps
  An iguana zombie (Crypt:2)
  A worm (D:2)
  15 orcs
  4 endoplasms
  4 giant cockroaches
  2 goblins (D:2)
  3 hobgoblins
  A jackal (D:4)
  An orc zombie (D:10)
  A spectral orc (D:9)
470 creatures vanquished.

Vanquished Creatures (others)
  3 eldritch tentacles
  A storm dragon (Pan)
  2 azure jellies
  2 narguns
  2 shard shrike simulacra
  An elemental wellspring (Coc:6)
  A deep elf annihilator (Pan)
  A wendigo (Coc:4)
  2 blizzard demons (Pan)
  5 caustic shrike simulacra
  A ghost crab (Swamp:3)
  A juggernaut simulacrum (Coc:2)
  A spriggan air mage (Pan)
  2 rakshasas (Pan)
  3 sun demons (Pan)
  A quicksilver dragon simulacrum (Coc:4)
  A bog body (Zig:9)
  A fenstrider witch simulacrum (Coc:1)
  2 wizards (Pan)
  3 deep elf pyromancers
  A bunyip simulacrum (Coc:1)
  An anaconda simulacrum (Coc:5)
  A golden dragon simulacrum (Coc:7)
  2 wind drakes (Pan)
  3 bloated husks
  An iron dragon simulacrum (Coc:5)
  2 centaur simulacra
  A stone giant simulacrum (Coc:1)
  A ynoxinul (Pan)
  A human (D:13)
  2 dire elephant simulacra
  5 dancing weapons
  5 harpy simulacra
  A hydra simulacrum (Coc:4)
  2 ettin simulacra
  2 spriggan simulacra
  A centaur (Orc:2)
  A naga simulacrum (Coc:7)
  An orc wizard (D:9)
  178 hexers
  An orc (D:10)
  6 ancestors (D:2)
  16 ball lightnings (Pan)
  2 blocks of ice (Pan)
  4 fire vortices
  14 foxfires
  26 fungi
  66 plants
  13 starspawn tentacles
  3 withered plants (Desolation)
399 creatures vanquished.

Grand Total: 3734 creatures vanquished

Notes
Turn   | Place    | Note
-------+----------+-------------------------------------------
     0 | D:1      | hyperldf the Gnoll Arcane Marksman began the quest for the
                  | Orb.
     0 | D:1      | Reached XP level 1. HP: 17/17 MP: 4/4
   324 | D:1      | Reached XP level 2. HP: 22/23 MP: 5/5
   547 | D:1      | Found a faded altar of an unknown god.
   551 | D:1      | Prayed at the altar of an unknown god.
   551 | D:1      | Became a worshipper of Hepliaklqana the Forgotten
   551 | D:1      | Reached * piety under Hepliaklqana
  1074 | D:2      | Reached XP level 3. HP: 25/25 MP: 7/7
  1398 | D:2      | Reached skill level 1 in Short Blades
  1398 | D:2      | Reached skill level 1 in Long Blades
  1398 | D:2      | Reached skill level 1 in Axes
  1398 | D:2      | Reached skill level 1 in Maces & Flails
  1398 | D:2      | Reached skill level 1 in Polearms
  1398 | D:2      | Reached skill level 1 in Staves
  1398 | D:2      | Reached skill level 1 in Slings
  1398 | D:2      | Reached skill level 1 in Bows
  1398 | D:2      | Reached skill level 1 in Crossbows
  1398 | D:2      | Reached skill level 1 in Armour
  1398 | D:2      | Reached skill level 1 in Stealth
  1398 | D:2      | Reached skill level 1 in Shields
  1398 | D:2      | Reached skill level 1 in Unarmed Combat
  1398 | D:2      | Reached skill level 1 in Invocations
  1398 | D:2      | Reached skill level 1 in Evocations
  1398 | D:2      | Reached XP level 4. HP: 22/30 MP: 8/8
  1408 | D:2      | Upgraded the game from 0.28-a0-863-g8cecda6153 to
                  | 0.28-a0-893-g5e322aebe8
  2235 | D:3      | Reached skill level 1 in Conjurations
  2235 | D:3      | Reached skill level 1 in Summonings
  2235 | D:3      | Reached skill level 1 in Necromancy
  2235 | D:3      | Reached skill level 1 in Translocations
  2235 | D:3      | Reached skill level 1 in Transmutations
  2235 | D:3      | Reached skill level 1 in Fire Magic
  2235 | D:3      | Reached skill level 1 in Ice Magic
  2235 | D:3      | Reached skill level 1 in Air Magic
  2235 | D:3      | Reached skill level 1 in Earth Magic
  2235 | D:3      | Reached skill level 1 in Poison Magic
  2311 | D:3      | Reached ** piety under Hepliaklqana
  2312 | D:3      | Remembered your ancestor Vesna as a hexer
  2524 | D:3      | Found Naed's Weapon Boutique.
  2534 | D:3      | Bought a +0 hunting sling of freezing for 47 gold pieces
  2541 | D:3      | Noticed Grinder
  2776 | D:2      | Reached XP level 5. HP: 36/36 MP: 9/9
  2841 | D:2      | Noticed Ijyb
  2861 | D:2      | Killed Ijyb
  3023 | D:4      | Reached XP level 6. HP: 33/42 MP: 10/10
  3604 | D:4      | Found a hide-covered altar of Uskayaw.
  3616 | D:4      | Reached skill level 5 in Throwing
  3616 | D:4      | Reached skill level 5 in Dodging
  3898 | D:5      | Entered Level 5 of the Dungeon
  4043 | D:5      | Reached XP level 7. HP: 40/46 MP: 12/12
  4706 | D:6      | Reached *** piety under Hepliaklqana
  4714 | D:6      | Reached XP level 8. HP: 54/54 MP: 14/14
  4719 | D:6      | Found a staircase to the Ecumenical Temple.
  5607 | D:7      | Noticed Pikel
  5609 | D:7      | Noticed Pikel
  5609 | D:7      | Pikel changed into Pikel the ice beast
  5751 | D:6      | Killed Pikel the ice beast
  6000 | D:7      | Noticed a wyvern
  6167 | D:6      | Learned a level 3 spell: Tukima's Dance
  6182 | D:6      | Killed a wyvern
  6183 | D:6      | Reached XP level 9. HP: 29/59 MP: 14/16
  6838 | D:7      | Reached skill level 5 in Spellcasting
  6945 | D:8      | Noticed a centaur warrior
  7062 | D:8      | Noticed Maggie
  7080 | D:8      | Noticed Maggie
  7080 | D:8      | Maggie changed into Maggie the water moccasin
  7090 | D:8      | Killed Maggie the water moccasin
  7091 | D:8      | Reached skill level 5 in Fighting
  7162 | D:8      | Noticed a hornet
  7175 | D:8      | Killed a hornet
  7377 | D:8      | Killed a centaur warrior
  7378 | D:8      | Reached skill level 5 in Invocations
  7384 | D:8      | Found a transporter.
  7770 | D:8      | Reached **** piety under Hepliaklqana
  7807 | D:8      | Reached XP level 10. HP: 66/66 MP: 18/18
  7847 | D:8      | Found a shadowy altar of Dithmenos.
  7850 | D:8      | Found a hazy altar of Hepliaklqana.
  8089 | D:8      | Found a transporter.
  8090 | D:8      | Found a viscous altar of Jiyva.
  8272 | D:9      | Noticed a two-headed ogre
  8527 | D:8      | Killed a two-headed ogre
  8528 | D:8      | Reached skill level 5 in Short Blades
  8528 | D:8      | Reached skill level 5 in Long Blades
  8528 | D:8      | Reached skill level 5 in Axes
  8528 | D:8      | Reached skill level 5 in Maces & Flails
  8528 | D:8      | Reached skill level 5 in Polearms
  8528 | D:8      | Reached skill level 5 in Staves
  8528 | D:8      | Reached skill level 5 in Slings
  8528 | D:8      | Reached skill level 5 in Bows
  8528 | D:8      | Reached skill level 5 in Crossbows
  8528 | D:8      | Reached skill level 5 in Armour
  8528 | D:8      | Reached skill level 5 in Stealth
  8528 | D:8      | Reached skill level 5 in Shields
  8528 | D:8      | Reached skill level 5 in Unarmed Combat
  8528 | D:8      | Reached skill level 5 in Evocations
  9051 | D:9      | Noticed a centaur warrior
  9560 | D:9      | Found an iron altar of Okawaru.
  9602 | D:9      | Found a white marble altar of Elyvilon.
  9717 | D:9      | Found a basalt altar of Yredelemnul.
  9925 | D:3      | Killed Grinder
 10163 | D:10     | Entered Level 10 of the Dungeon
 10471 | D:10     | Noticed a wizard
 11055 | D:10     | Noticed a death yak
 11059 | D:10     | Reached ***** piety under Hepliaklqana
 11119 | D:10     | Noticed a death yak
 11169 | D:10     | Found a staircase to the Orcish Mines.
 11380 | D:10     | Reached XP level 11. HP: 74/74 MP: 20/20
 11571 | D:10     | Reached skill level 5 in Conjurations
 11571 | D:10     | Reached skill level 5 in Summonings
 11571 | D:10     | Reached skill level 5 in Necromancy
 11571 | D:10     | Reached skill level 5 in Translocations
 11571 | D:10     | Reached skill level 5 in Transmutations
 11571 | D:10     | Reached skill level 5 in Fire Magic
 11571 | D:10     | Reached skill level 5 in Ice Magic
 11571 | D:10     | Reached skill level 5 in Air Magic
 11571 | D:10     | Reached skill level 5 in Earth Magic
 11571 | D:10     | Reached skill level 5 in Poison Magic
 12301 | D:11     | Noticed a cyclops
 12315 | D:11     | Killed a cyclops
 12429 | D:11     | Found Iclix's Self-Improvement Boutique.
 13041 | D:10     | Found a staircase to the Lair.
 13049 | D:10     | death yaks
 13050 | Lair:1   | Entered Level 1 of the Lair of Beasts
 13655 | Lair:1   | Noticed an eight-headed hydra
 13662 | Lair:1   | Learned a level 3 spell: Conjure Flame
 13666 | Lair:1   | Learned a level 3 spell: Call Canine Familiar
 13668 | Lair:1   | Killed an eight-headed hydra
 13734 | Lair:1   | Noticed Fannar
 13978 | Lair:1   | Killed Fannar
 14324 | Lair:1   | Reached XP level 12. HP: 67/81 MP: 23/23
 14617 | Lair:2   | Noticed a catoblepas
 14636 | Lair:1   | Learned a level 2 spell: Ensorcelled Hibernation
 14636 | Lair:1   | Upgraded the game from 0.28-a0-893-g5e322aebe8 to
                  | 0.28-a0-899-gf2b78a14d2
 15187 | Lair:2   | Killed a catoblepas
 15431 | Lair:2   | Noticed a four-headed hydra
 15492 | Lair:1   | Killed a four-headed hydra
 15698 | Lair:1   | Learned a level 4 spell: Cause Fear
 15912 | Lair:2   | Noticed a seven-headed hydra
 15993 | Lair:2   | Found a staircase to the Swamp.
 16170 | Lair:2   | Noticed a six-headed hydra
 16211 | Lair:2   | Killed a six-headed hydra
 16238 | Lair:2   | Identified the +5 rapier of Woe {holy, rF+ rCorr SInv}
 16711 | Lair:3   | Found a frozen archway.
 16727 | Lair:3   | Learned a level 3 spell: Dazzling Flash
 16729 | Lair:3   | Noticed a death yak
 16736 | Lair:3   | Noticed a death yak
 16738 | Lair:3   | Noticed a death yak
 16741 | Lair:3   | Noticed a four-headed hydra
 16742 | Lair:3   | Noticed a death yak
 16829 | Lair:2   | Killed a death yak
 17042 | IceCv    | Entered an ice cave
 18829 | Lair:2   | Killed a death yak
 18893 | Lair:2   | Killed a death yak
 18894 | Lair:2   | Reached XP level 13. HP: 52/88 MP: 25/25
 20264 | Lair:2   | Learned a level 4 spell: Flame Wave
 20269 | Lair:2   | Learned a level 4 spell: Iskenderun's Mystic Blast
 21258 | Lair:4   | Found a staircase to the Snake Pit.
 21763 | Lair:4   | Noticed Nessos
 21947 | Lair:3   | Reached skill level 10 in Throwing
 21947 | Lair:3   | Reached skill level 10 in Dodging
 21947 | Lair:3   | Reached XP level 14. HP: 97/97 MP: 17/27
 22672 | Lair:5   | Found a dark tunnel.
 22680 | Volcano  | Entered a volcano
 22709 | Volcano  | Found a bloodstained altar of Trog.
 22716 | Volcano  | Noticed a red draconian
 22763 | Volcano  | Killed a red draconian
 22850 | Volcano  | Gained mutation: You are resistant to electric shocks.
                  | (rElec) [potion of mutation]
 22850 | Volcano  | Gained mutation: Your movements are slightly less
                  | encumbered by armour. (ER -2) [potion of mutation]
 22971 | Lair:5   | Reached ****** piety under Hepliaklqana
 23270 | Lair:5   | Reached skill level 10 in Invocations
 23284 | Lair:5   | Upgraded the game from 0.28-a0-899-gf2b78a14d2 to
                  | 0.28-a0-909-g796cbd3a86
 23593 | Lair:6   | Entered Level 6 of the Lair of Beasts
 23751 | Lair:6   | Found a staircase to the Slime Pits.
 23784 | Lair:6   | Identified the +4 spear of Skirmishing {protect, rElec
                  | Int+4}
 24871 | Lair:6   | Reached skill level 10 in Spellcasting
 25032 | Lair:6   | Reached skill level 10 in Fighting
 25371 | Lair:6   | Reached XP level 15. HP: 81/103 MP: 15/29
 25521 | Lair:6   | Identified the +4 arbalest of Departure {venom, *Slow rElec
                  | rC+ Int+8}
 25601 | Lair:6   | Found a runed translucent door.
 25938 | Lair:6   | Reached skill level 10 in Hexes
 26439 | Lair:1   | Reached skill level 10 in Short Blades
 26439 | Lair:1   | Reached skill level 10 in Long Blades
 26439 | Lair:1   | Reached skill level 10 in Axes
 26439 | Lair:1   | Reached skill level 10 in Maces & Flails
 26439 | Lair:1   | Reached skill level 10 in Polearms
 26439 | Lair:1   | Reached skill level 10 in Staves
 26439 | Lair:1   | Reached skill level 10 in Slings
 26439 | Lair:1   | Reached skill level 10 in Bows
 26439 | Lair:1   | Reached skill level 10 in Crossbows
 26439 | Lair:1   | Reached skill level 10 in Armour
 26439 | Lair:1   | Reached skill level 10 in Stealth
 26439 | Lair:1   | Reached skill level 10 in Shields
 26439 | Lair:1   | Reached skill level 10 in Unarmed Combat
 26439 | Lair:1   | Reached skill level 10 in Evocations
 26740 | D:12     | Learned a level 2 spell: Blink
 26927 | D:12     | Learned a level 5 spell: Freezing Cloud
 27239 | Orc:1    | Entered Level 1 of the Orcish Mines
 27516 | Orc:2    | Entered Level 2 of the Orcish Mines
 27516 | Orc:2    | Found a staircase to the Elven Halls.
 27852 | Orc:2    | Paralysed by an orc sorcerer for 6 turns
 28392 | Orc:2    | Found a large runed translucent door.
 28392 | Orc:2    | Found a large runed translucent door.
 28392 | Orc:2    | Noticed Soborki's ghost (journeyman MiBe)
 28921 | Orc:2    | Found Biahenit's Armour Shoppe.
 28921 | Orc:2    | Found Naehih's Antique Armour Shop.
 28923 | Orc:2    | Found Yvequcih's Distillery.
 28925 | Orc:2    | Found Eqaovvoz's Antique Weapon Emporium.
 28936 | Orc:2    | Bought a translucent ring mail for 288 gold pieces
 28936 | Orc:2    | Identified the +5 ring mail of Undesirable Species {*Slow
                  | MP+9 Str+2} (You bought it in a shop on level 2 of the
                  | Orcish Mines)
 28936 | Orc:2    | Bought a shiny helmet for 240 gold pieces
 28953 | Orc:2    | Bought the +6 scale mail "Idaihimo" {Regen+ Dex+5 Stlth+}
                  | for 705 gold pieces
 28953 | Orc:2    | Bought a +1 pair of boots of stealth for 214 gold pieces
 29627 | D:13     | Noticed Kirke
 29674 | D:13     | Killed Kirke
 29940 | D:13     | Reached XP level 16. HP: 105/111 MP: 20/30
 30032 | D:13     | Found a gate to the Vaults.
 30354 | D:14     | Noticed Snorg
 30399 | D:13     | Killed Snorg
 30515 | D:14     | Identified the +5 battleaxe of Moeczyem {flame, rF+}
 30693 | D:14     | Noticed Agnes
 30707 | D:14     | Noticed Louise
 31211 | D:15     | Entered Level 15 of the Dungeon
 31495 | D:15     | Found a stormy altar of Qazlal.
 31570 | D:15     | Found a bloodstained altar of Trog.
 31655 | D:15     | Found a broken altar of Ashenzari.
 31787 | D:15     | Noticed a storm dragon
 31816 | D:15     | Killed a storm dragon
 31957 | D:15     | Noticed Rupert
 31966 | D:15     | Killed Rupert
 32505 | D:15     | Identified the +9 dagger of Guile {drain, Will+}
 32505 | D:15     | Identified the +4 scale mail "Ruwoelos" {Will- Dex+6 SInv}
 32767 | D:15     | Reached XP level 17. HP: 118/118 MP: 32/32
 32875 | D:15     | Identified the ring of Youthful Indiscretion {rF+ Str+4
                  | Dex-5 SInv}
 34040 | Lair:4   | Killed Nessos
 34067 | Snake:1  | Entered Level 1 of the Snake Pit
 35677 | Snake:2  | Learned a level 3 spell: Swiftness
 35680 | Snake:2  | Learned a level 2 spell: Passwall
 36387 | Snake:3  | Identified the +10 shortbow "Biacim" {vorpal, rF- rN++}
 36511 | Snake:3  | Noticed Mlioglotl
 36741 | Snake:3  | Reached skill level 10 in Conjurations
 36741 | Snake:3  | Reached skill level 10 in Summonings
 36741 | Snake:3  | Reached skill level 10 in Necromancy
 36741 | Snake:3  | Reached skill level 10 in Translocations
 36741 | Snake:3  | Reached skill level 10 in Transmutations
 36741 | Snake:3  | Reached skill level 10 in Fire Magic
 36741 | Snake:3  | Reached skill level 10 in Ice Magic
 36741 | Snake:3  | Reached skill level 10 in Air Magic
 36741 | Snake:3  | Reached skill level 10 in Earth Magic
 36741 | Snake:3  | Reached skill level 10 in Poison Magic
 36930 | Snake:3  | Noticed a bone dragon
 36931 | Snake:3  | Noticed a tentacled starspawn
 36939 | Snake:3  | Killed Mlioglotl
 37008 | Snake:3  | Learned a level 1 spell: Apportation
 37397 | Snake:4  | Entered Level 4 of the Snake Pit
 37408 | Snake:4  | Noticed Bai Suzhen
 37439 | Snake:3  | Killed Bai Suzhen
 38045 | Snake:4  | Found a transporter.
 38051 | Snake:4  | Noticed Ysuobe's ghost (journeyman DDFi)
 38118 | Snake:4  | Found a transporter.
 38430 | Snake:4  | Identified the amulet of the Raven {RegenMP Str+2 Dex+6
                  | SInv}
 38900 | Snake:4  | HP: 5/120 [nagaraja/poison arrow (22)]
 39810 | Snake:4  | Reached XP level 18. HP: 118/126 MP: 34/34
 42467 | Snake:4  | Got a serpentine rune of Zot
 42769 | Lair:2   | Upgraded the game from 0.28-a0-909-g796cbd3a86 to
                  | 0.28-a0-925-gd5e1996cdb
 42770 | Swamp:1  | Entered Level 1 of the Swamp
 44345 | Swamp:3  | Found a transporter.
 44364 | Swamp:3  | Found a transporter.
 44366 | Swamp:3  | Noticed fly's ghost (adept FoDe)
 44819 | Swamp:4  | Entered Level 4 of the Swamp
 45292 | Swamp:4  | Reached XP level 19. HP: 53/134 MP: 36/36
 46391 | Swamp:4  | Got a decaying rune of Zot
 47763 | D:15     | Found a staircase to the Depths.
 47921 | D:14     | Killed Agnes
 47946 | D:14     | Killed Louise
 48503 | Orc:2    | Killed Soborki's ghost
 48724 | Vaults:1 | Entered Level 1 of the Vaults
 48789 | Vaults:1 | Found a crumbling gateway.
 48811 | Desolati | Entered the Desolation of Salt
 49577 | Desolati | Identified the ring "Ocwaqisi" {rPois Stlth+}
 49724 | Desolati | Identified the +2 robe of Cizauc {rC+}
 50931 | Desolati | Identified the +1 leather armour "Otruum Waha" {+Blink
                  | Str+3}
 50970 | Desolati | Identified the +6 demon blade of a Hundred Lives {pain,
                  | Int+5}
 51158 | Vaults:1 | Reached XP level 20. HP: 142/142 MP: 32/37
 52284 | Vaults:1 | Reached skill level 15 in Invocations
 52858 | Vaults:2 | Found Vomino Lekui's Antique Weapon Shop.
 53172 | Vaults:2 | Noticed Nikola
 53174 | Vaults:2 | Upgraded the game from 0.28-a0-925-gd5e1996cdb to
                  | 0.28-a0-932-g843f935a50
 53210 | Vaults:2 | Noticed Mennas
 54574 | Vaults:3 | Learned a level 6 spell: Simulacrum
 54699 | Vaults:3 | Reached XP level 21. HP: 149/149 MP: 39/39
 54920 | Vaults:3 | Upgraded the game from 0.28-a0-932-g843f935a50 to
                  | 0.28-a0-938-gbc3f381ebc
 55288 | Vaults:4 | Found Basoso's Armour Shop.
 55697 | Vaults:3 | Found Wusiseri's Antique Armour Emporium.
 55704 | Vaults:3 | Bought a pair of smoking boots for 351 gold pieces
 55704 | Vaults:3 | Identified the +1 pair of boots "Vasen" {rN+} (You bought
                  | it in a shop on level 3 of the Vaults)
 55704 | Vaults:3 | Bought a pair of dazzling boots for 351 gold pieces
 55704 | Vaults:3 | Identified the +2 pair of boots "Etyisad" {Dex+3} (You
                  | bought it in a shop on level 3 of the Vaults)
 55907 | Vaults:3 | Found a staircase to the Crypt.
 55970 | Vaults:3 | Reached skill level 15 in Throwing
 55970 | Vaults:3 | Reached skill level 15 in Dodging
 56261 | Vaults:4 | Bought a +2 cloak of willpower for 408 gold pieces
 56261 | Vaults:4 | Bought the +2 helmet "Etepset" {rPois} for 488 gold pieces
 56987 | Vaults:4 | Found Vaudak's Armour Emporium.
 57903 | Elf:1    | Entered Level 1 of the Elven Halls
 57983 | Elf:1    | Upgraded the game from 0.28-a0-938-gbc3f381ebc to
                  | 0.28-a0-941-g140ffa10cf
 58364 | Elf:1    | Noticed Frances
 58637 | Elf:1    | Found a runed translucent gate.
 58639 | Elf:1    | Found a runed translucent gate.
 58640 | Elf:1    | Found a runed translucent gate.
 58724 | Elf:1    | Found Esi Ryg's Distillery.
 58757 | Elf:1    | Bought a potion of might for 56 gold pieces
 59023 | Elf:1    | Killed Frances
 59046 | Elf:1    | Reached skill level 15 in Spellcasting
 59443 | Elf:2    | Reached skill level 15 in Fighting
 59507 | Elf:2    | Identified the +0 kite shield "Niptoin" {rF- rN+ Regen+
                  | Dex+3}
 59525 | Elf:2    | Identified the +2 robe "Fyerha" {rN+ Regen+}
 59564 | Elf:2    | Reached XP level 22. HP: 155/157 MP: 41/41
 59738 | Elf:2    | Found a runed translucent door.
 60001 | Elf:2    | Found a runed translucent gate.
 60002 | Elf:2    | Found a runed translucent gate.
 60002 | Elf:2    | Found a runed translucent gate.
 60037 | Elf:3    | Entered Level 3 of the Elven Halls
 60053 | Elf:3    | Identified a scroll of acquirement
 60054 | Elf:3    | Acquired the ring "Evoupherr" {rF+ rC+ Str+6 Dex-2 SInv}
 60610 | Elf:3    | Found Riatt's Magic Scroll Boutique.
 60618 | Elf:3    | Bought a scroll of blinking for 142 gold pieces
 60618 | Elf:3    | Bought a scroll of blinking for 142 gold pieces
 60885 | Elf:3    | Identified the amulet "Piasesem" {Reflect rN+ rCorr Dex+2
                  | Slay+5 SH+5}
 61189 | Elf:3    | Identified the +1 plate armour of Beauty {Harm rC++ Will-
                  | Int+2}
 61227 | Elf:3    | Reached skill level 15 in Short Blades
 61227 | Elf:3    | Reached skill level 15 in Long Blades
 61227 | Elf:3    | Reached skill level 15 in Axes
 61227 | Elf:3    | Reached skill level 15 in Maces & Flails
 61227 | Elf:3    | Reached skill level 15 in Polearms
 61227 | Elf:3    | Reached skill level 15 in Staves
 61227 | Elf:3    | Reached skill level 15 in Slings
 61227 | Elf:3    | Reached skill level 15 in Bows
 61227 | Elf:3    | Reached skill level 15 in Crossbows
 61227 | Elf:3    | Reached skill level 15 in Armour
 61227 | Elf:3    | Reached skill level 15 in Stealth
 61227 | Elf:3    | Reached skill level 15 in Shields
 61227 | Elf:3    | Reached skill level 15 in Unarmed Combat
 61227 | Elf:3    | Reached skill level 15 in Evocations
 61326 | Elf:3    | Identified the amulet "Sachu" {Faith rElec rPois}
 61374 | Elf:3    | Identified the +7 chain mail of Makhleb's Generosity {rElec
                  | Regen+ Str-2 Dex+5}
 61744 | Elf:3    | Identified the ring "Wosoic" {rPois rC- rN+ Will- SInv}
 61751 | Elf:3    | Got the Handbook of Blistering Companions
 62020 | Elf:3    | Bought a scroll of acquirement for 988 gold pieces
 62733 | Vaults:2 | Killed Mennas
 63023 | Vaults:2 | Killed Nikola
 63753 | Crypt:1  | Entered Level 1 of the Crypt
 63794 | Crypt:1  | Noticed Saint Roka
 63818 | Crypt:1  | Killed Saint Roka
 65566 | Crypt:1  | Found an ancient bone altar of Kikubaaqudgha.
 65588 | Crypt:3  | Entered Level 3 of the Crypt
 66127 | Crypt:3  | Reached XP level 23. HP: 163/163 MP: 42/42
 66186 | Crypt:3  | Identified the +3 ring mail "Suiss" {Harm Fly Slay+3}
 66704 | D:11     | Bought a manual of Armour for 800 gold pieces
 66704 | D:11     | Bought a manual of Conjurations for 800 gold pieces
 66704 | D:11     | Upgraded the game from 0.28-a0-941-g140ffa10cf to
                  | 0.28-a0-948-gee6e0bcda6
 67112 | Crypt:3  | Found a staircase to the Tomb.
 67588 | Crypt:3  | Learned a level 4 spell: Dispel Undead
 67930 | Crypt:3  | Got Zuagukuv's Volume of Harmful Sinister Rituals
 68416 | Crypt:3  | Found the +7 great mace "Undeadhunter" {disrupt, rN+}
 68417 | Crypt:3  | Found the +3 pair of seven-league boots {Rampage+∞}
 68467 | Crypt:3  | Identified the +6 hunting sling of Runowill {freeze, rF+
                  | rCorr}
 69129 | Depths:1 | Entered Level 1 of the Depths
 69190 | Depths:1 | Found Ojekigg's Island Escapes.
 69213 | Depths:1 | Found a portal to a secret trove of treasure.
 69298 | Depths:1 | Noticed Asterion
 69323 | Depths:1 | Killed Asterion
 69504 | Depths:1 | Found a gateway to a ziggurat.
 69922 | Depths:1 | Found a gateway to Hell.
 70179 | Depths:1 | Found Sujen's Antique Weapon Shoppe.
 70232 | Depths:1 | Found a glowing silver altar of Zin.
 70461 | Depths:1 | Bought 2 scrolls of blinking for 255 gold pieces
 70461 | Depths:1 | Bought a scroll of blinking for 127 gold pieces
 70461 | Depths:1 | Bought a potion of haste for 170 gold pieces
 70838 | Swamp:3  | Killed fly's ghost
 71195 | Snake:4  | Killed Ysuobe's ghost
 71240 | Snake:4  | Identified the +1 cloak "Poanao Zitog" {Int+2}
 71768 | Depths:1 | You paid a toll of 7 potions of haste to enter a treasure
                  | trove
 71769 | Trove    | Entered a treasure trove
 71817 | Trove    | Gained mutation: Your flesh is heat resistant. (rF+) [a
                  | shining eye]
 71825 | Trove    | Identified the +4 kite shield "Teutzion" {rCorr}
 72321 | Depths:2 | Noticed a golden dragon
 72332 | Depths:2 | Reached XP level 24. HP: 126/165 MP: 42/43
 72572 | Depths:2 | Noticed a juggernaut
 72582 | Depths:2 | Killed a juggernaut
 72717 | Depths:2 | Found Big Baal Hell's Store.
 73210 | Depths:2 | Found a one-way gate leading to the halls of Pandemonium.
 74426 | Depths:3 | Reached skill level 15 in Hexes
 74607 | Depths:3 | Noticed Jory
 74658 | Depths:3 | Noticed a caustic shrike
 74671 | Depths:3 | Killed a caustic shrike
 74720 | Depths:3 | Reached skill level 15 in Conjurations
 74761 | Depths:3 | Noticed Xtahua
 74776 | Depths:3 | Killed Xtahua
 74882 | Depths:3 | Killed Jory
 74928 | Depths:3 | Found the +8 Wrath of Trog {antimagic, *Rage Rampage}
 75001 | Depths:3 | Found a one-way gate to the infinite horrors of the Abyss.
 75603 | Depths:4 | Entered Level 4 of the Depths
 75686 | Depths:3 | Reached skill level 15 in Fire Magic
 75849 | Depths:4 | Reached XP level 25. HP: 180/180 MP: 42/43
 76041 | Depths:4 | Noticed a juggernaut
 76061 | Depths:4 | Killed a juggernaut
 76200 | Depths:4 | Found Fenimi's Book Shoppe.
 76405 | Depths:4 | Got the Volume of Snow and Weightlessness
 76412 | Depths:4 | Learned a level 5 spell: Silence
 76417 | Depths:4 | Found a shimmering blue altar of Sif Muna.
 76426 | Depths:4 | Got Sif Muna's Almanac of Conjuration
 76428 | Depths:4 | Got Sif Muna's Disquisition on Attacks
 76431 | Depths:4 | Got Sif Muna's Collected Works on Arcane Weapons
 76662 | Depths:4 | Found an opulent altar of Gozag.
 77027 | Depths:4 | Found a gate to the Realm of Zot.
 77889 | Elf:1    | Found a runed translucent gate.
 77889 | Elf:1    | Found a runed translucent gate.
 77894 | Elf:1    | Found a runed translucent gate.
 77897 | Elf:1    | Noticed cvjcd's ghost (adept SpEn)
 77908 | Elf:1    | Upgraded the game from 0.28-a0-948-gee6e0bcda6 to
                  | 0.28-a0-969-g2dcde036d2
 78142 | Slime:1  | Entered Level 1 of the Pits of Slime
 78557 | Slime:5  | Entered Level 5 of the Pits of Slime
 78599 | Slime:5  | Noticed Dissolution
 78600 | Slime:5  | Gained mutation: Your body sometimes deteriorates upon
                  | taking damage. [a shining eye]
 78608 | Slime:5  | Paralysed by a floating eye for 4 turns
 78634 | Slime:4  | Killed Dissolution
 79032 | Slime:5  | Noticed the Royal Jelly
 79032 | Slime:5  | Gained mutation: Your magical capacity is low. (-10% MP) [a
                  | shining eye]
 79033 | Slime:5  | Gained mutation: You tend to lose your temper in combat. [a
                  | shining eye]
 79296 | Slime:5  | Gained mutation: Your body often deteriorates upon taking
                  | damage. [a shining eye]
 79319 | Slime:5  | Gained mutation: Your spells are a little easier to cast,
                  | but a little less powerful. [a shining eye]
 79388 | Slime:4  | Learned a level 7 spell: Malign Gateway
 79522 | Slime:5  | Found a viscous altar of Jiyva.
 79607 | Slime:5  | Killed the Royal Jelly
 79944 | Slime:5  | Got the Collected Works on Enthralling Lightness
 79947 | Slime:5  | Identified the ring of the Destroying Saviour {Will- MP+9
                  | Int+2 Dex+3}
 79951 | Slime:5  | Identified the +8 short sword of Compulsion {vorpal, rC-
                  | Will+ Dex+9 SInv}
 79958 | Slime:5  | Got Jiotsorr's Handbook of Bewitching Lightness
 79992 | Slime:5  | Got a slimy rune of Zot
 80025 | Slime:5  | Identified the +3 leather armour of the Ant {rCorr Dex+4
                  | Stlth-}
 80064 | Slime:5  | Identified the ring "Hiuwu" {rF+ rC+ Will+ rCorr Dex+2}
 80783 | Swamp:2  | Lost mutation: Your body often deteriorates upon taking
                  | damage. [potion of mutation]
 80783 | Swamp:2  | Lost mutation: Your flesh is heat resistant. (rF+) [potion
                  | of mutation]
 80783 | Swamp:2  | Gained mutation: You are frail. (-10% HP) [potion of
                  | mutation]
 80783 | Swamp:2  | Gained mutation: You are partially covered in iridescent
                  | scales. (AC +2) [potion of mutation]
 80838 | Swamp:3  | Lost mutation: Your body sometimes deteriorates upon taking
                  | damage. [potion of mutation]
 80838 | Swamp:3  | Lost mutation: Your movements are slightly less encumbered
                  | by armour. (ER -2) [potion of mutation]
 80838 | Swamp:3  | Lost mutation: Your magical capacity is low. (-10% MP)
                  | [potion of mutation]
 80838 | Swamp:3  | Lost mutation: Your spells are a little easier to cast, but
                  | a little less powerful. [potion of mutation]
 80838 | Swamp:3  | Gained mutation: You have sharp toenails. [potion of
                  | mutation]
 80895 | Swamp:4  | Lost mutation: You have sharp toenails. [potion of
                  | mutation]
 80895 | Swamp:4  | Lost mutation: You are partially covered in iridescent
                  | scales. (AC +2) [potion of mutation]
 80895 | Swamp:4  | Lost mutation: You are frail. (-10% HP) [potion of
                  | mutation]
 80895 | Swamp:4  | Gained mutation: You are agile. (Dex +2) [potion of
                  | mutation]
 80895 | Swamp:4  | Gained mutation: You are dopey. (Int -2) [potion of
                  | mutation]
 80895 | Swamp:4  | Gained mutation: You have a somewhat thin skeletal
                  | structure. (Dex +2, Stealth+) [potion of mutation]
 81116 | D:8      | Lost mutation: You tend to lose your temper in combat.
                  | [potion of mutation]
 81116 | D:8      | Lost mutation: You are agile. (Dex +2) [potion of mutation]
 81116 | D:8      | Gained mutation: You expend magic power (3 MP) to
                  | strengthen your wands. [potion of mutation]
 81116 | D:8      | Gained mutation: You have hidden genetic potential. [potion
                  | of mutation]
 81372 | Vaults:5 | Entered Level 5 of the Vaults
 81592 | Vaults:4 | Reached XP level 26. HP: 183/188 MP: 44/44
 82296 | Vaults:5 | Noticed a dread lich
 82354 | Vaults:4 | Reached skill level 15 in Summonings
 82354 | Vaults:4 | Reached skill level 15 in Necromancy
 82354 | Vaults:4 | Reached skill level 15 in Translocations
 82354 | Vaults:4 | Reached skill level 15 in Transmutations
 82354 | Vaults:4 | Reached skill level 15 in Ice Magic
 82354 | Vaults:4 | Reached skill level 15 in Air Magic
 82354 | Vaults:4 | Reached skill level 15 in Earth Magic
 82354 | Vaults:4 | Reached skill level 15 in Poison Magic
 82385 | Vaults:5 | Noticed a dread lich
 82397 | Vaults:4 | Killed a dread lich
 82540 | Vaults:5 | Killed a dread lich
 82927 | Vaults:5 | Noticed a dread lich
 82941 | Vaults:5 | Killed a dread lich
 83300 | Vaults:5 | Found Jamoonlei's Book Shop.
 83351 | Vaults:5 | Identified the +1 scale mail "Saocwy" {rElec rC- rN+ Dex+4}
 83355 | Vaults:5 | Identified the -3 hat "Peidghaxt" {Harm Int+6}
 83359 | Vaults:5 | Identified the +0 scale mail of the Fisher {rElec}
 83365 | Vaults:5 | Identified the +2 great sword of the Harvest {flame, Str+5}
 83541 | Vaults:5 | Identified the +3 leather armour "Awobb" {Str+7}
 83641 | Vaults:5 | Got a silver rune of Zot
 84261 | Depths:3 | Voluntarily entered the Abyss.
 84320 | Abyss:3  | Found a corrupted altar of Lugonu.
 84448 | Abyss:3  | Gained mutation: Your muscles are strong. (Str +2) [hidden
                  | potential]
 84508 | Abyss:3  | Paralysed by accursed screaming for 1 turns
 84569 | Abyss:3  | Got an abyssal rune of Zot
 84666 | Abyss:3  | Found a burning altar of Makhleb.
 84704 | Depths:3 | Escaped the Abyss
 85139 | Elf:1    | Killed cvjcd's ghost
 85311 | Elf:2    | Reached XP level 27. HP: 196/196 MP: 45/45
 86304 | Pan      | Entered the realm of Lom Lobon.
 86304 | Pan      | Entered Pandemonium
 86963 | Pan      | Noticed Lom Lobon
 86977 | Pan      | Got a magical rune of Zot
 87605 | Pan      | Entered the realm of Mnoleg.
 88035 | Pan      | Noticed Mnoleg
 88234 | Pan      | Killed Mnoleg
 88292 | Pan      | Got a glowing rune of Zot
 88398 | Pan      | Gained mutation: Armour fits poorly on your strangely
                  | shaped body. [a cacodemon]
 88550 | Pan      | Noticed Lom Lobon
 88555 | Pan      | Noticed Cesyz the pandemonium lord
 88728 | Pan      | Lost mutation: You have hidden genetic potential. [a
                  | cacodemon]
 88751 | Pan      | Gained mutation: You have hidden genetic defects. [a
                  | cacodemon]
 88806 | Depths:2 | Escaped Pandemonium
 89178 | Elf:1    | Identified the +2 hat "Pacrov" {rPois rN++ Str-3 Stlth+}
 89564 | Pan      | Entered Pandemonium
 89701 | Pan      | Found an exit through the horrors of the Abyss.
 89762 | Pan      | Learned a level 7 spell: Haunt
 89943 | Pan      | Found a huge runed translucent gate.
 89944 | Pan      | Found a huge runed translucent gate.
 89945 | Pan      | Found a huge runed translucent gate.
 89945 | Pan      | Found a huge runed translucent gate.
 89945 | Pan      | Found a huge runed translucent gate.
 89945 | Pan      | Found a huge runed translucent gate.
 89946 | Pan      | Found a huge runed translucent gate.
 89972 | Pan      | Noticed Gyrotic the pandemonium lord
 90102 | Pan      | Killed Gyrotic the pandemonium lord
 90110 | Pan      | Gained mutation: You are very dopey. (Int -4) [hidden
                  | defects]
 90199 | Depths:2 | Escaped Pandemonium
 90203 | Pan      | Entered Pandemonium
 90576 | Pan      | Noticed Kacades the pandemonium lord
 90713 | Pan      | Found an exit through the horrors of the Abyss.
 90779 | Pan      | Gained mutation: You have terrible hidden genetic defects.
                  | [a cacodemon]
 91063 | Pan      | Noticed Bomnosath the pandemonium lord
 91085 | Pan      | Killed Bomnosath the pandemonium lord
 91146 | Pan      | Identified the +1 fustibalus of Punei {flame, Will++ Int-2}
 91262 | Pan      | Gained mutation: Your magical capacity is low. (-10% MP)
                  | [hidden defects]
 91262 | Pan      | Lost mutation: You have terrible hidden genetic defects.
                  | [hidden defects expressed]
 92635 | Pan      | Found a glowing silver altar of Zin.
 92917 | Pan      | Gained mutation: Your spells are a little easier to cast,
                  | but a little less powerful. [hidden defects]
 94164 | Pan      | Gained mutation: Your spells are easier to cast, but less
                  | powerful. [hidden defects]
 94164 | Pan      | Lost mutation: You have hidden genetic defects. [hidden
                  | defects expressed]
 94565 | Pan      | Identified the +9 hand crossbow of Quyh {penet, Will+}
 94676 | Pan      | Identified the +2 great sword of Income {flame, rN+}
 94683 | Pan      | Found a glowing golden altar of the Shining One.
 94686 | Pan      | Noticed a seraph
 94725 | Pan      | Killed a seraph
 94837 | Pan      | Got a demonic rune of Zot
 94841 | Pan      | Identified the +8 halberd "Qureom" {vamp, Str+3}
 95587 | Pan      | Found a white marble altar of Elyvilon.
 96066 | Depths:2 | Escaped Pandemonium
 96073 | Pan      | Entered Pandemonium
 96160 | Pan      | Found a runed translucent door.
 96186 | Pan      | Identified the +2 rapier of Virysch {pain, Dex+4}
 96211 | Pan      | Noticed Keusadot the pandemonium lord
 96430 | Pan      | Found an exit through the horrors of the Abyss.
 96452 | Pan      | Entered the realm of Cerebov.
 96829 | Pan      | Found an exit through the horrors of the Abyss.
 97063 | Pan      | Got the Reference Book on the Blistering Entourage
 97073 | Pan      | Identified the +2 pair of boots of Tah Baud {rN+}
 97131 | Pan      | Identified the +8 mace "Beastbane" {venom, rF+ Will+}
 97152 | Pan      | Found the +6 sword of Cerebov {flame}
 97152 | Pan      | Noticed Cerebov
 97207 | Pan      | Identified the ring "Liw Jeig" {rF+ rC+ Will+}
 97330 | Pan      | Killed Cerebov
 97351 | Pan      | Got Jymaucza's Incunabulum of Confrontation and Stones
 97368 | Pan      | Identified the +0 scale mail of Jiukk {rPois rF++ rCorr
                  | Stlth-}
 97381 | Pan      | Got a fiery rune of Zot
 97440 | Pan      | Gained mutation: You sometimes lose the ability to read
                  | scrolls when taking damage. [a cacodemon]
 97565 | Pan      | Found an exit through the horrors of the Abyss.
 97686 | Pan      | Entered the realm of Gloorx Vloq.
 98330 | Pan      | Noticed Gloorx Vloq
 98680 | Pan      | Killed Gloorx Vloq
 98821 | Pan      | Got a dark rune of Zot
 99219 | Depths:2 | Escaped Pandemonium
 99220 | Depths:2 | Upgraded the game from 0.28-a0-969-g2dcde036d2 to
                  | 0.28-a0-980-g3664467d6e
 99295 | Hell     | Entered the Vestibule of Hell
 99295 | Hell     | Noticed Geryon
 99584 | Hell     | Killed Geryon
 99742 | Hell     | Found a gateway to the freezing wastes of Cocytus.
 99845 | Hell     | Found a gateway to the Iron City of Dis.
100344 | Hell     | Found a gateway to the decaying netherworld of Tartarus.
100402 | Hell     | Found a gateway to the ashen valley of Gehenna.
100514 | Hell     | Learned a level 5 spell: Manifold Assault
100675 | Zig:1    | Entered Level 1 of a ziggurat
100717 | Zig:2    | Entered Level 2 of a ziggurat
100737 | Zig:2    | Got the Catalogue of the Blaze
100749 | Zig:3    | Entered Level 3 of a ziggurat
100756 | Zig:3    | Identified the +7 spear of Annoyance {venom, Will- Int+3}
100790 | Zig:4    | Entered Level 4 of a ziggurat
100793 | Zig:4    | Noticed Gasystyxoo the pandemonium lord
100804 | Zig:4    | Gained mutation: You do not regenerate when monsters are
                  | visible. [a cacodemon]
100808 | Zig:4    | Gained mutation: You occasionally shout uncontrollably at
                  | your foes. [a cacodemon]
100811 | Zig:4    | Killed Gasystyxoo the pandemonium lord
100874 | Zig:4    | Lost mutation: You are very dopey. (Int -4) [potion of
                  | mutation]
100874 | Zig:4    | Lost mutation: Armour fits poorly on your strangely shaped
                  | body. [potion of mutation]
100874 | Zig:4    | Lost mutation: Your muscles are strong. (Str +2) [potion of
                  | mutation]
100874 | Zig:4    | Gained mutation: You are agile. (Dex +2) [potion of
                  | mutation]
100950 | Zig:5    | Entered Level 5 of a ziggurat
100993 | Zig:5    | Identified the +1 pair of boots "Yjuime" {Harm Rampage}
101090 | Zig:6    | Entered Level 6 of a ziggurat
101204 | Zig:6    | Identified the +9 short sword of Putrackepsu {flame, rPois
                  | Dex+2 Stlth-}
101205 | Zig:6    | Identified the +8 dagger of Eternal Vigilance {vorpal,
                  | rElec rN+}
101232 | Zig:7    | Entered Level 7 of a ziggurat
101325 | Zig:7    | Lost mutation: You sometimes lose the ability to read
                  | scrolls when taking damage. [potion of mutation]
101325 | Zig:7    | Lost mutation: Your spells are easier to cast, but less
                  | powerful. [potion of mutation]
101325 | Zig:7    | Lost mutation: Your spells are a little easier to cast, but
                  | a little less powerful. [potion of mutation]
101325 | Zig:7    | Gained mutation: You have a pair of small horns on your
                  | head. [potion of mutation]
101325 | Zig:7    | Gained mutation: Your flesh is heat resistant. (rF+)
                  | [potion of mutation]
101325 | Zig:7    | Gained mutation: You possess an exceptional clarity of
                  | mind. [potion of mutation]
101337 | Zig:8    | Entered Level 8 of a ziggurat
101535 | Zig:9    | Entered Level 9 of a ziggurat
101636 | Zig:9    | Identified the ring "Erhoipix" {rPois Will+ Int+3}
101648 | Zig:9    | Got the Papyrus of Battle Magic
101655 | Zig:10   | Entered Level 10 of a ziggurat
101662 | Zig:10   | Noticed a royal mummy
101675 | Zig:10   | Killed a royal mummy
101675 | Zig:10   | Noticed a royal mummy
101687 | Zig:10   | Killed a royal mummy
101776 | Zig:10   | Identified the +4 chain mail of the Abyss {Rampage Str+2
                  | Slay+3}
101799 | Zig:10   | Identified the +2 trident "Gabrick" {vorpal, rCorr Dex+4}
101844 | Zig:10   | Lost mutation: Your magical capacity is low. (-10% MP)
                  | [potion of mutation]
101844 | Zig:10   | Gained mutation: You are very agile. (Dex +4) [potion of
                  | mutation]
101861 | Zig:11   | Entered Level 11 of a ziggurat
101935 | Zig:11   | Found the amulet of the Four Winds {rN+ Will+++ Clar}
102095 | Zig:11   | Lost mutation: You have a pair of small horns on your head.
                  | [potion of mutation]
102095 | Zig:11   | Lost mutation: You possess an exceptional clarity of mind.
                  | [potion of mutation]
102095 | Zig:11   | Lost mutation: You do not regenerate when monsters are
                  | visible. [potion of mutation]
102095 | Zig:11   | Lost mutation: You expend magic power (3 MP) to strengthen
                  | your wands. [potion of mutation]
102095 | Zig:11   | Gained mutation: You are robust. (+10% HP) [potion of
                  | mutation]
103078 | Tar:1    | Entered Level 1 of Tartarus
104707 | Hell     | Upgraded the game from 0.28-a0-980-g3664467d6e to
                  | 0.28-a0-987-g8383568036
105790 | Tar:7    | Entered Level 7 of Tartarus
106373 | Tar:7    | HP: 9/184 [??? (3)]
108465 | Zot:1    | Entered Level 1 of the Realm of Zot
111873 | Tar:7    | Noticed an ancient lich
112134 | Tar:7    | Killed an ancient lich
112338 | Tar:7    | Noticed Ereshkigal
112359 | Tar:7    | Killed Ereshkigal
112818 | Tar:7    | Got a bone rune of Zot
114459 | Zot:2    | Noticed an orb of fire
114481 | Zot:2    | Killed an orb of fire
114640 | Zot:1    | Upgraded the game from 0.28-a0-987-g8383568036 to
                  | 0.28-a0-991-g956f0ee3d5
114771 | Dis:1    | Entered Level 1 of the Iron City of Dis
116624 | Coc:1    | Entered Level 1 of Cocytus
117663 | Hell     | Paralysed by a wendigo for 1 turns
118019 | Coc:2    | Paralysed by a wendigo for 1 turns
118815 | Coc:4    | Paralysed by a wendigo for 1 turns
123619 | Coc:7    | Entered Level 7 of Cocytus
124836 | Coc:7    | Paralysed by a wendigo for 1 turns
125067 | Coc:7    | Paralysed by a wendigo for 1 turns
125088 | Coc:7    | HP: 5/186 [shard shrike/shard of ice (40)]
125101 | Coc:7    | Killed from afar by a shard shrike

Illustrated notes

........................)[....█
............█████.█...........█
............█████...█████████.█
............█........█ █)█
........>...█........█ █)█
............█........██ █.█
.................█....███████.█
...........(..................█
...████████.(...@R............█
...█ █.(.................█ ...█
█..(..██............█ ...█
██..................█ ...█
█.......█..........█ ...█
█......█.......[...█


████ █..........█████████ ████.......█ ██████ Turn 13049 on D:10: death yaks

Levels and vault maps discovered:
D:1:      amcnicky_arrival_choice, layout_loops_ring,
          hellmonk_ecumenical_altar_heavens_door
D:2:      kennysheep_the_goblin_king, layout_basic
D:3:      layout_rooms, serial_shops, nicolae_shop_bloodbath_and_beyond,
          supply_closet_lemuel, uniq_grinder
D:4:      layout_rooms, mainiacjoe_overflow_24_doors, grunt_decor_fettered
D:5:      layout_basic
D:6:      layout_cave_pools, minmay_temple_entry_drinking_statues,
          kennysheep_generic_room_11
D:7:      layout_basic, hangedman_decor_peaks_small, uniq_pikel
D:8:      gammafunk_jiyva_shrine, layout_basic,
          riverfiend_overflow_shadow_ancestor, chequers_serial_rivers_large_a,
          minmay_misc_feat_iff, uniq_maggie
D:9:      layout_rooms, yredelemnul_forgotten_temple_becter,
          mainiacjoe_overflow_two_lobes
D:10:     layout_long_grid, dpeg_lair_monsters, zombieorc1_lemuel, serial_glass,
          glass_columns_b, glass_columns_b, lightli_wizard_tower
D:11:     layout_stronghold, nicolae_shop_self_help
D:12:     layout_roguey
D:13:     layout_basic, hangedman_vaults_entry_quadrant_bands, serial_glass,
          glass_columns_a, glass_columns_b, glass_columns_a, glass_columns_c,
          glass_columns_a, glass_columns_a, kennysheep_another_room, uniq_kirke
D:14:     layout_small_grid, kennysheep_pointless_box,
          kennysheep_generic_room_10, uniq_louise, uniq_snorg, uniq_agnes
D:15:     hangedman_slaughterboxes, uniq_rupert
Lair:1:   layout_regular_city, uniq_fannar
Lair:2:   layout_cave_pods, minmay_swamp_entry_eels, grunt_megastairs_1
Lair:3:   layout_roguey [special_room_bee], portal_ice_cave_entry_pillars_1
Lair:4:   layout_small_grid, guppyfry_snake_entry_island, serial_bayou,
          serial_bayou_lake_a, serial_bayou_crossing, serial_bayou_pond_e,
          serial_bayou_shore_a, serial_bayou_pond_a, beast_lair_carwin_3,
          uniq_nessos
Lair:5:   layout_gridlike, enter_volcano_1, serial_bayou_shore_b
Lair:6:   hangedman_lair_in_review, layout_gridlike, wormcave, slime_dummy
Swamp:1:  layout_falls_marsh, hangedman_swamp_pad
Swamp:2:  layout_basic_swamp, nicolae_swamp_small_spring
Swamp:3:  layout_basic_swamp, gammafunk_ghost_mausoleum, hangedman_swamp_blocks
Swamp:4:  swamp, layout_basic_swamp
Snake:1:  layout_layer_cave
Snake:2:  layout_honeycomb, grunt_megastairs_2
Snake:3:  layout_cave_shapes, grunt_megastairs_4, uniq_mlioglotl
Snake:4:  grunt_snake_rune_spirals, layout_onion_interference,
          gammafunk_ghost_berserking_beasts, nicolae_snake_salamander_fort,
          uniq_bai_suzhen
Slime:1:  layout_caves, cheibrodos_slime_lost_civilization_7
Slime:2:  layout_caves, nicolae_slime_welcoming_committee
Slime:3:  nicolae_slime_jelly_donut, layout_caves
Slime:4:  layout_caves
Slime:5:  uniq_dissolution
Orc:1:    layout_caves
Orc:2:    st_orc_rangers, layout_diamond_mine, ebering_ghost_disaster_area
Elf:1:    elf_arrival_001, layout_loops_corners,
          ploomutoo_gammafunk_ghost_potion_laboratory, serial_shops,
          nicolae_diamond_shop, hangedman_elf_disciples, uniq_frances
Elf:2:    nicolae_elf_blades_crystal_corner, layout_geoelf_octagon, minivault_13
Elf:3:    elf_hall_gauntlet_wide, layout_gridlike, serial_shops,
          nicolae_lakefront_shop, serial_sigils_hangedman_leer,
          lemuel_flame_loot_1
Vaults:1: portal_desolation_entry_twin_temple, ontoclasm_vaults_ring_small,
          nicolae_vaults_border_crossing, hangedman_vaults_hat,
          nicolae_vaults_little_ls, vaults_dpeg_diagonal, ontoclasm_vaults_echo,
          ontoclasm_vaults_ring_small, v_rooms_3, grunt_vaults_hallway_short,
          vaults_dpeg_hooks, dpeg_vaults_monster_box, ontoclasm_vaults_shuriken,
          layout_vaults_maze_snakey
Vaults:2: v_misc_31, hangedman_vaults_stretched_pinwheel,
          vaults_mumra_chevron_long, nicolae_vaults_ninety_degrees,
          hangedman_vaults_slice, ontoclasm_vaults_gateway,
          hangedman_vaults_restitches, v_pattern_4, layout_vaults_chaotic_city,
          serial_shops, nicolae_shop_hallway_plus, uniq_mennas, uniq_nikola
Vaults:3: v_misc_11, v_alt_pattern_3, st_cross,
          nicolae_vaults_twisting_passages, vaults_room_fours, v_pattern_3,
          v_misc_4, minmay_crypt_entry_simple_round,
          vaults_room_grunt_arrival_checkpoint, nicolae_vaults_little_squares_6,
          vaults_room_door_ring, vaults_room_door_ring, vaults_room_hallway,
          layout_vaults_omnicross, serial_shops, shop, uniq_margery
Vaults:4: hangedman_vaults_impose, dpeg_vaults_monster_row, v_misc_14, v_misc_8,
          nicolae_vaults_big_angled_halls, hangedman_vaults_trim,
          grunt_vaults_twisty, hangedman_vaults_variations, v_misc_2,
          vaults_dpeg_encased_lava, nicolae_vaults_yaktaur_gun_rack,
          vaults_room_pool, ontoclasm_vaults_loading_screen,
          layout_vaults_omnibox, serial_shops, nicolae_shop_advertising_works
          [nicolae_subvault_shop_adworks], nicolae_shop_statue_plus
Vaults:5: serial_shops
Crypt:1:  layout_misc_corridors, minmay_misc_feat_columns,
          lemuel_upstairs_altar, uniq_saint_roka
Crypt:2:  layout_regular_city
Crypt:3:  due_elkab, layout_chaotic_city, tomb_entry_shell_bobbens, hex_tiny
Depths:1: layout_cave_pools, enter_ziggurat_b, serial_shops, shop,
          nicolae_trove_entry_crossroad, kennysheep_flooded_box,
          pf_hell_entry_tar_river, minmay_misc_feat_four_crosses,
          nicolae_island_escapes, serial_bayou_shore_b, uniq_asterion
Depths:2: minmay_blocking_statues, layout_gridlike, dk_noncrumbling_2,
          nicolae_hell_entry_big_baal_hell, grunt_pan_entry_spiral
Depths:3: minmay_bloctagon, layout_basic, serial_corexii_hall,
          corexii_hall_statues_deadend, chequers_hall_statues_corner_a,
          minmay_misc_feat_x, abyss_entry, hell_entry,
          minmay_guarded_unrand_wrath_of_trog, uniq_xtahua, uniq_jory
Depths:4: grunt_zot_entry_funnels, layout_gridlike,
          nicolae_gozag_cash_rules_everything_around_me, hell_entry,
          eino_small_chamber_without_monster, nicolae_sif_muna_little_library,
          minmay_shop_star
Hell
Dis:1:    layout_subdivisions
Dis:2:    layout_gridville
Dis:3:    layout_subdivisions, nicolae_dis_spooky_hallway
Dis:4:    layout_gridville
Dis:5:    layout_regular_city, nicolae_dis_strange_trophy_room
Coc:1:    layout_cocytus_water_paths
Coc:2:    layout_ice_bergs
Coc:3:    layout_ice_bergs
Coc:4:    layout_cocytus_delve
Coc:5:    layout_ice_bergs
Coc:6:    nicolae_coc_caina, layout_ice_bergs, nicolae_coc_icebean_singular
          [nicolae_sub_coc_subbean]
Coc:7:    coc_mu
Tar:1:    layout_grid_maze
Tar:2:    layout_catacombs
Tar:3:    nicolae_tar_intersect_combbox, layout_cathedral_of_symmetry
Tar:4:    layout_honeycomb
Tar:5:    layout_catacombs
Tar:6:    layout_catacombs, nicolae_tar_cuneiform_oil
Tar:7:    tar_mu [tar_mu_maze]
Zot:1:    layout_gridlike
Zot:2:    layout_twisted_circle

Skill      XL: |  1  2  3  4  5  6  7  8  9 10 11 12 13 14 15 16 17 18 19 20 21 22 23 24 25 26 27 |
---------------+----------------------------------------------------------------------------------+-----
Short Blades   | 1 2 3 4 5 6 7 8 9 10 11 12 13 14 15 16 17 18 22 | 22.0
Long Blades    | 1 2 3 4 5 6 7 8 9 10 11 12 13 14 15 16 17 18 22 | 22.0
Axes           | 1 2 3 4 5 6 7 8 9 10 11 12 13 14 15 16 17 18 22 | 22.0
Maces & Flails | 1 2 3 4 5 6 7 8 9 10 11 12 13 14 15 16 17 18 22 | 22.0
Polearms       | 1 2 3 4 5 6 7 8 9 10 11 12 13 14 15 16 17 19 20 26 | 26.5
Staves         | 1 2 3 4 5 6 7 8 9 10 11 12 13 14 15 16 17 18 22 | 22.0
Slings         | 1 2 3 4 5 6 7 8 9 10 11 12 13 14 15 16 17 18 22 | 22.0
Bows           | 1 2 3 4 5 6 7 8 9 10 11 12 13 14 15 16 17 18 23 | 23.3
Crossbows      | 1 2 3 4 5 6 7 8 9 10 11 12 13 14 15 16 17 18 22 | 22.0
Armour         | 1 2 3 4 5 6 7 8 9 10 11 12 13 14 15 16 17 19 20 26 | 26.5
Stealth        | 1 2 3 4 5 6 7 8 9 10 11 12 13 14 15 16 17 18 22 | 22.0
Shields        | 1 2 3 4 5 6 7 8 9 10 11 12 13 14 15 16 17 18 22 | 22.0
Unarmed Combat | 1 2 3 4 5 6 7 8 9 10 11 12 13 14 15 16 17 18 22 | 22.0
Invocations    | 1 2 3 4 5 6 7 8 9 10 11 12 13 14 15 16 17 18 19 23 | 23.7
Evocations     | 1 2 3 4 5 6 7 8 9 10 11 12 13 14 15 16 17 18 22 | 22.0
Spellcasting   | 3 4 5 6 7 8 9 10 11 12 13 14 15 16 17 18 22 | 22.1
Conjurations   | 1 2 3 4 5 6 7 8 9 10 11 12 13 14 15 16 17 22 | 22.8
Summonings     | 1 2 3 4 5 6 7 8 9 10 11 12 13 14 15 18 | 18.8
Necromancy     | 1 2 3 4 5 6 7 8 9 10 11 12 13 14 15 18 | 18.8
Translocations | 1 2 3 4 5 6 7 8 9 10 11 12 13 14 15 18 | 18.8
Transmutations | 1 2 3 4 5 6 7 8 9 10 11 12 13 14 15 18 | 18.8
Fire Magic     | 1 2 3 4 5 6 7 8 9 10 11 12 13 14 15 16 17 22 | 22.7
Ice Magic      | 1 2 3 4 5 6 7 8 9 10 11 12 13 14 15 18 | 18.8
Air Magic      | 1 2 3 4 5 6 7 8 9 10 11 12 13 14 15 18 | 18.8
Earth Magic    | 1 2 3 4 5 6 7 8 9 10 11 12 13 14 15 18 | 18.8
Poison Magic   | 1 2 3 4 5 6 7 8 9 10 11 12 13 14 15 18 | 18.8
Fighting       | 3 4 5 6 7 8 9 10 11 12 13 14 15 16 17 18 22 | 22.1
Throwing       | 5 6 7 8 9 10 11 12 13 14 15 16 17 18 22 | 22.4
Dodging        | 5 6 7 8 9 10 11 12 13 14 15 16 17 18 22 | 22.4
Hexes          | 6 7 8 9 10 11 12 13 14 15 16 19 | 19.5

Action                   |  1- 3 |  4- 6 |  7- 9 | 10-12 | 13-15 | 16-18 | 19-21 | 22-24 | 25-27 || total
-------------------------+-------+-------+-------+-------+-------+-------+-------+-------+-------++-------
Melee: Short sword       |    74 |     3 |       |       |       |       |       |       |       ||    77
       Unarmed           |     1 |       |       |       |       |       |       |       |       ||     1
       Bite              |     2 |     4 |     6 |   163 |   211 |   312 |   313 |   290 |  1064 ||  2365
       Trident           |       |    41 |    10 |     1 |       |       |       |       |       ||    52
       Flail             |       |    31 |    58 |       |       |       |       |       |       ||    89
       Hand axe          |       |     1 |       |       |       |       |       |       |       ||     1
       Dagger            |       |       |    54 |   587 |       |       |       |     1 |     2 ||   644
       Punch             |       |       |     1 |       |       |       |       |       |       ||     1
       Hunting sling     |       |       |       |     2 |       |       |       |       |       ||     2
       Rapier            |       |       |       |   358 |  1351 |  1389 |   395 |   190 |    90 ||  3773
       Eveningstar       |       |       |       |       |       |       |   243 |       |       ||   243
       Demon blade       |       |       |       |       |       |       |   587 |   855 |   986 ||  2428
       Trishula          |       |       |       |       |       |       |       |   638 |  4966 ||  5604
       Headbutt          |       |       |       |       |       |       |       |       |    53 ||    53
 Fire: Hunting sling     |       |    69 |   149 |   154 |    10 |       |       |       |       ||   382
Throw: Javelin           |    13 |     1 |       |       |       |       |       |       |    77 ||    91
       Stone             |    44 |    23 |     3 |       |       |       |       |       |       ||    70
       Dart              |       |       |     1 |    55 |    62 |    59 |    45 |    73 |    51 ||   346
       Throwing net      |       |       |       |       |       |     2 |       |       |       ||     2
 Cast: Slow              |     1 |     6 |     6 |    21 |    17 |       |       |       |       ||    51
       Tukima's Dance    |       |       |       |    26 |     8 |     1 |       |       |       ||    35
       Call Canine Famil |       |       |       |    11 |    15 |     1 |       |     5 |       ||    32
       Dazzling Flash    |       |       |       |     5 |    72 |     6 |       |       |       ||    83
       Conjure Flame     |       |       |       |     3 |     2 |       |       |       |       ||     5
       Flame Wave        |       |       |       |       |     5 |       |       |       |       ||     5
       Ensorcelled Hiber |       |       |       |       |     7 |    16 |       |       |       ||    23
       Iskenderun's Myst |       |       |       |       |     1 |       |       |       |       ||     1
       Freezing Cloud    |       |       |       |       |    10 |    45 |    42 |    38 |    51 ||   186
       Cause Fear        |       |       |       |       |     2 |       |       |       |       ||     2
       Blink             |       |       |       |       |       |     6 |     2 |    21 |    49 ||    78
       Swiftness         |       |       |       |       |       |     2 |       |     1 |       ||     3
       Passwall          |       |       |       |       |       |       |     4 |       |       ||     4
       Simulacrum        |       |       |       |       |       |       |    26 |    35 |    48 ||   109
       Dispel Undead     |       |       |       |       |       |       |       |    12 |     3 ||    15
       Malign Gateway    |       |       |       |       |       |       |       |       |     2 ||     2
       Manifold Assault  |       |       |       |       |       |       |       |       |    55 ||    55
       Apportation       |       |       |       |       |       |       |       |       |    11 ||    11
       Haunt             |       |       |       |       |       |       |       |       |     3 ||     3
Invok: Ancestor Life: He |       |     1 |       |       |       |       |       |       |       ||     1
       Recall Ancestor   |       |       |     1 |     1 |       |     2 |     3 |     4 |     7 ||    18
       Idealise          |       |       |       |     2 |       |     1 |       |       |     1 ||     4
       Transference      |       |       |       |       |       |       |       |       |     1 ||     1
Evoke: Wand              |       |       |     2 |    39 |    17 |     1 |     2 |     3 |    14 ||    78
       Lightning rod     |       |       |       |       |       |     6 |       |     1 |     4 ||    11
       Phantom mirror    |       |       |       |       |       |     1 |       |     2 |     6 ||     9
       Box of beasts     |       |       |       |       |       |       |       |       |     7 ||     7
       Horn of Geryon    |       |       |       |       |       |       |       |       |     3 ||     3
       Phial of floods   |       |       |       |       |       |       |       |       |     2 ||     2
       Condenser vane    |       |       |       |       |       |       |       |       |     2 ||     2
  Use: Scroll            |       |       |     9 |    11 |     9 |    11 |     8 |     7 |    33 ||    88
       Potion            |       |       |     4 |     6 |     4 |     8 |       |       |    50 ||    72
 Stab: Confused          |       |     2 |       |    10 |    36 |    30 |    60 |    49 |   194 ||   381
       Distracted        |       |     2 |     2 |    11 |    25 |    29 |    29 |    24 |   158 ||   280
       Invisible         |       |       |     4 |     6 |    43 |     7 |       |       |       ||    60
       Sleeping          |       |       |       |    12 |    24 |    58 |    75 |    61 |    59 ||   289
       Paralysed         |       |       |       |     2 |    21 |    33 |    32 |    33 |   111 ||   232
       Held in net/web   |       |       |       |       |       |     3 |       |       |       ||     3
Armor: Ring mail         |    38 |    18 |     3 |       |       |       |       |       |       ||    59
       Scale mail        |       |       |    31 |       |    44 |   212 |   113 |   243 |   557 ||  1200
       Swamp dragon scal |       |       |     9 |   107 |   194 |    54 |    35 |       |       ||   399
       Leather armour    |       |       |     7 |    63 |    86 |       |       |       |       ||   156
       Storm dragon scal |       |       |       |       |       |       |       |       |   399 ||   399
Dodge: Dodged            |    60 |    43 |    68 |   329 |   925 |   638 |   557 |   619 |  1845 ||  5084
Block: Other             |       |     5 |    18 |       |       |       |       |       |       ||    23
       Reflection        |       |       |     3 |     5 |    49 |    72 |    29 |    14 |   209 ||   381
       Buckler           |       |       |    19 |   306 |   285 |       |       |       |       ||   610
       Kite shield       |       |       |       |       |   354 |   769 |   586 |  1058 |  1108 ||  3875
       Tower shield      |       |       |       |       |       |       |       |       |  3925 ||  3925

Table legend: (Time is in decaauts)
 A = Elapsed time spent in this place.
 B = Non-inter-level travel time spent in this place.
 C = Inter-level travel time spent in this place.
 D = Time resting spent in this place.
 E = Time spent auto-exploring this place.
 F = Levels seen in this place.
 G = Mean time per level.
                   A        B        C        D        E       F      G
               +--------+--------+--------+--------+--------+-----+--------+
         Total | 121674 | 102231 |  19443 |  25005 |  23448 | 110 | 1106.1 |
       Dungeon |  23419 |  16796 |   6623 |   2892 |   3988 |  15 | 1561.3 |
          Lair |  12573 |  10596 |   1977 |   2150 |   3165 |   6 | 2095.5 |
         Swamp |   5396 |   4565 |    831 |   1053 |   2164 |   4 | 1349.0 |
     Snake Pit |   8285 |   7212 |   1073 |   1685 |   2431 |   4 | 2071.2 |
    Slime Pits |   2474 |   2309 |    165 |    204 |    518 |   5 |  494.8 |
  Orcish Mines |   2218 |   1890 |    328 |    187 |    746 |   2 | 1109.0 |
   Elven Halls |   5647 |   4549 |   1098 |    304 |   1762 |   3 | 1882.3 |
        Vaults |  10758 |   8338 |   2420 |   1004 |   2207 |   5 | 2151.6 |
         Crypt |   4322 |   3782 |    540 |    331 |   1019 |   3 | 1440.7 |
        Depths |   9553 |   8032 |   1521 |   1846 |   2599 |   4 | 2388.2 |
          Hell |   9838 |   9340 |    498 |   8036 |    484 |   1 | 9838.0 |
           Dis |    323 |    236 |     87 |      0 |      0 |   5 |   64.6 |
       Cocytus |   3293 |   2002 |   1291 |    582 |    262 |   7 |  470.4 |
      Tartarus |   4687 |   3924 |    763 |   1380 |    140 |   7 |  669.6 |
           Zot |   1984 |   1761 |    223 |    484 |    644 |   2 |  992.0 |
         Abyss |    383 |    383 |      0 |     71 |      3 |   3 |  127.7 |
   Pandemonium |  11135 |  11135 |      0 |   1654 |   1091 |  19 |  586.1 |
      Ziggurat |   1339 |   1339 |      0 |    472 |      0 |  11 |  121.7 |
         Trove |     85 |     85 |      0 |      0 |      0 |   1 |   85.0 |
      Ice Cave |   1673 |   1673 |      0 |    491 |      0 |   1 | 1673.0 |
       Volcano |    185 |    185 |      0 |      0 |     28 |   1 |  185.0 |
    Desolation |   2095 |   2095 |      0 |    174 |    192 |   1 | 2095.0 |
               +--------+--------+--------+--------+--------+-----+--------+

Top non-repeatable levels by time:
    Hell: 9838 daAuts
    D:15: 4365 daAuts
 Snake:4: 4336 daAuts
   Tar:7: 3426 daAuts
Depths:4: 2928 daAuts
  Lair:2: 2849 daAuts
Vaults:1: 2762 daAuts
  Lair:1: 2697 daAuts
 Swamp:4: 2667 daAuts
    D:10: 2393 daAuts
Depths:2: 2329 daAuts
Depths:3: 2328 daAuts
 Crypt:3: 2307 daAuts
  Lair:6: 2248 daAuts
   Elf:1: 2175 daAuts
